Workbook
Name countries: #REF!
Name countries_big: #REF!,#REF!
Name countries_big2: #REF!,#REF!
Name Laender: #REF!
Name Zellenfarbe: #REF!

Sheet climate dividend
B2: EU climate dividend calculator | I2: Climate dividend with a solidarity mechanism
B4: CO2 price | I4: 65 | K4: input fields
B5: CO2 price at which emissions have fallen by 95%: | I5: 900
B7: CO2 Emissions EU 2023 in Mt | I7: =C49 -> 2492.8767
B8: Emissions EU at the CO2 price specified above in Mt | H8: =I8/I7-1 -> -0.068611111 | I8: =I7-(0.95*I4/I5)*I7 -> 2321.8376 | J8: E
B10: Revenue from CO2 pricing in B€ (E * CO2 price) | I10: =I4*I8/1000 -> 150.91944 | J10: R
B11: =CONCATENATE("Uniform climate dividend per capita (",TEXT(E49,"0")," million people)") -> Uniform climate dividend per capita (449 million people) | I11: =I10/E49*1000 -> 335.89443 | J11: info
B13: Distribution of revenue among EU Member States according to emissions | I13: 0.95 | J13: S
B14: To be distributed according to emissions in B€ (R * S) | I14: =I10*I13 -> 143.37347 | J14: R_E
B16: To be distributed according to population and GDP per capita in B€ (R - R_E) | I16: =I10-I14 -> 7.5459722 | J16: R_P
B17: Weighting population; α | I17: 0.5 | J17: w_i is determined using α and β; 1 = linear, 0 = no influence | M17: see 'S_α_β' sheet
B18: Weighting GDP per capita (per capita income); β | I18: 2.5
G20: info | R20: info
B21: Country; i | C21: Emissions 2023 in Mt (E_i) | D21: Share E_i in E (s_i) | E21: Population 2024 in M (P_i) | F21: Share P_i in P | G21: E_i per capita in t | H21: GDP per capita (I_i) | I21: Deviation from the average | J21: Allocation via emission share in 2023 in B€ (s_i * R_E) | K21: Weighting P/GDP per capita (w_i) | L21: Allocation via P/GDP per capita in B€ (w_i * R_P) | M21: Allocation in total in B€ (R_i) | N21: Share in total (R_i / R) | O21: Climate dividend R_i / P_i | P21: =I21 -> Deviation from the average | Q21: =B21 -> Country; i | R21: Climate dividend based on national emissions | S21: Deviation from the dividend calculated here | T21: Emissions after CO2 price effect in Mt | U21: Share
B22: Austria | C22: {=VLOOKUP($B22&2023,CHOOSE({1,2},'EEA 25 E'!$C$1:$C$1021&'EEA 25 E'!$D$1:$D$1021,'EEA 25 E'!$E$1:$E$1021),2,0)/1000000} -> 56.908955 | D22: =C22/$C$49 -> 0.022828629 | E22: =VLOOKUP($B22,Population!$A$10:$Y$62,Population!$X$7,FALSE)/1000000 -> 9.15875 | F22: =E22/$E$49 -> 0.020384206 | G22: =C22/E22 -> 6.2136159 | H22: =VLOOKUP($B22,'GDP capita'!$A$11:$AY$49,'GDP capita'!$AX$8,FALSE) -> 44740 | I22: =H22/$H$50-1 -> 0.41551267 | J22: =$I$14*$D22 -> 3.2730197 | K22: {=(E22^$I$17)*((1/H22)^$I$18)/SUMPRODUCT((E$22:E$48^$I$17)*((1/H$22:H$48)^$I$18))} -> 0.0058351586 | L22: =$I$16*K22 -> 0.044031945 | M22: =J22+L22 -> 3.3170517 | N22: =M22/$I$10 -> 0.021978955 | O22: =M22/E22*1000 -> 362.17297 | P22: =O22/$O$50-1 -> 0.050435643 | Q22: =B22 -> Austria | R22: =$I$10*D22/E22*1000 -> 376.17404 | S22: =O22/R22-1 -> -0.037219647 | T22: =C22+C22*$H$8 -> 53.004368 | U22: =T22/$T$49 -> 0.022828629
B23: Belgium | C23: {=VLOOKUP($B23&2023,CHOOSE({1,2},'EEA 25 E'!$C$1:$C$1021&'EEA 25 E'!$D$1:$D$1021,'EEA 25 E'!$E$1:$E$1021),2,0)/1000000} -> 84.703364 | D23: =C23/$C$49 -> 0.033978161 | E23: =VLOOKUP($B23,Population!$A$10:$Y$62,Population!$X$7,FALSE)/1000000 -> 11.817096 | F23: =E23/$E$49 -> 0.026300764 | G23: =C23/E23 -> 7.1678663 | H23: =VLOOKUP($B23,'GDP capita'!$A$11:$AY$49,'GDP capita'!$AX$8,FALSE) -> 44300 | I23: =H23/$H$50-1 -> 0.40159167 | J23: =$I$14*$D23 -> 4.8715669 | K23: {=(E23^$I$17)*((1/H23)^$I$18)/SUMPRODUCT((E$22:E$48^$I$17)*((1/H$22:H$48)^$I$18))} -> 0.0067939223 | L23: =$I$16*K23 -> 0.051266749 | M23: =J23+L23 -> 4.9228337 | N23: =M23/$I$10 -> 0.032618949 | O23: =M23/E23*1000 -> 416.58574 | P23: =O23/$O$50-1 -> 0.20825281 | Q23: =B23 -> Belgium | R23: =$I$10*D23/E23*1000 -> 433.94462 | S23: =O23/R23-1 -> -0.040002516 | T23: =C23+C23*$H$8 -> 78.891772 | U23: =T23/$T$49 -> 0.033978161
B24: Bulgaria | C24: {=VLOOKUP($B24&2023,CHOOSE({1,2},'EEA 25 E'!$C$1:$C$1021&'EEA 25 E'!$D$1:$D$1021,'EEA 25 E'!$E$1:$E$1021),2,0)/1000000} -> 34.500947 | D24: =C24/$C$49 -> 0.013839813 | E24: =VLOOKUP($B24,Population!$A$10:$Y$62,Population!$X$7,FALSE)/1000000 -> 6.445481 | F24: =E24/$E$49 -> 0.014345409 | G24: =C24/E24 -> 5.3527343 | H24: =VLOOKUP($B24,'GDP capita'!$A$11:$AY$49,'GDP capita'!$AX$8,FALSE) -> 11300 | I24: =H24/$H$50-1 -> -0.64248339 | J24: =$I$14*$D24 -> 1.9842621 | K24: {=(E24^$I$17)*((1/H24)^$I$18)/SUMPRODUCT((E$22:E$48^$I$17)*((1/H$22:H$48)^$I$18))} -> 0.15268841 | L24: =$I$16*K24 -> 1.1521825 | M24: =J24+L24 -> 3.1364446 | N24: =M24/$I$10 -> 0.020782243 | O24: =M24/E24*1000 -> 486.6114 | P24: =O24/$O$50-1 -> 0.41135315 | Q24: =B24 -> Bulgaria | R24: =$I$10*D24/E24*1000 -> 324.05602 | S24: =O24/R24-1 -> 0.50162742 | T24: =C24+C24*$H$8 -> 32.133799 | U24: =T24/$T$49 -> 0.013839813
B25: Croatia | C25: {=VLOOKUP($B25&2023,CHOOSE({1,2},'EEA 25 E'!$C$1:$C$1021&'EEA 25 E'!$D$1:$D$1021,'EEA 25 E'!$E$1:$E$1021),2,0)/1000000} -> 18.467598 | D25: =C25/$C$49 -> 0.0074081475 | E25: =VLOOKUP($B25,Population!$A$10:$Y$62,Population!$X$7,FALSE)/1000000 -> 3.861967 | F25: =E25/$E$49 -> 0.0085954014 | G25: =C25/E25 -> 4.781915 | H25: =VLOOKUP($B25,'GDP capita'!$A$11:$AY$49,'GDP capita'!$AX$8,FALSE) -> 16710 | I25: =H25/$H$50-1 -> -0.47131836 | J25: =$I$14*$D25 -> 1.0621318 | K25: {=(E25^$I$17)*((1/H25)^$I$18)/SUMPRODUCT((E$22:E$48^$I$17)*((1/H$22:H$48)^$I$18))} -> 0.04444651 | L25: =$I$16*K25 -> 0.33539213 | M25: =J25+L25 -> 1.397524 | N25: =M25/$I$10 -> 0.0092600657 | O25: =M25/E25*1000 -> 361.86844 | P25: =O25/$O$50-1 -> 0.049552389 | Q25: =B25 -> Croatia | R25: =$I$10*D25/E25*1000 -> 289.49846 | S25: =O25/R25-1 -> 0.24998397 | T25: =C25+C25*$H$8 -> 17.200516 | U25: =T25/$T$49 -> 0.0074081475
B26: Cyprus | C26: {=VLOOKUP($B26&2023,CHOOSE({1,2},'EEA 25 E'!$C$1:$C$1021&'EEA 25 E'!$D$1:$D$1021,'EEA 25 E'!$E$1:$E$1021),2,0)/1000000} -> 7.194742 | D26: =C26/$C$49 -> 0.0028861203 | E26: =VLOOKUP($B26,Population!$A$10:$Y$62,Population!$X$7,FALSE)/1000000 -> 0.966365 | F26: =E26/$E$49 -> 0.0021507939 | G26: =C26/E26 -> 7.44516 | H26: =VLOOKUP($B26,'GDP capita'!$A$11:$AY$49,'GDP capita'!$AX$8,FALSE) -> 29190 | I26: =H26/$H$50-1 -> -0.076468154 | J26: =$I$14*$D26 -> 0.4137931 | K26: {=(E26^$I$17)*((1/H26)^$I$18)/SUMPRODUCT((E$22:E$48^$I$17)*((1/H$22:H$48)^$I$18))} -> 0.005512643 | L26: =$I$16*K26 -> 0.041598251 | M26: =J26+L26 -> 0.45539135 | N26: =M26/$I$10 -> 0.0030174465 | O26: =M26/E26*1000 -> 471.24156 | P26: =O26/$O$50-1 -> 0.36677491 | Q26: =B26 -> Cyprus | R26: =$I$10*D26/E26*1000 -> 450.73205 | S26: =O26/R26-1 -> 0.045502654 | T26: =C26+C26*$H$8 -> 6.7011028 | U26: =T26/$T$49 -> 0.0028861203
B27: Czechia | C27: {=VLOOKUP($B27&2023,CHOOSE({1,2},'EEA 25 E'!$C$1:$C$1021&'EEA 25 E'!$D$1:$D$1021,'EEA 25 E'!$E$1:$E$1021),2,0)/1000000} -> 83.663079 | D27: =C27/$C$49 -> 0.033560858 | E27: =VLOOKUP($B27,Population!$A$10:$Y$62,Population!$X$7,FALSE)/1000000 -> 10.900555 | F27: =E27/$E$49 -> 0.024260861 | G27: =C27/E27 -> 7.675121 | H27: =VLOOKUP($B27,'GDP capita'!$A$11:$AY$49,'GDP capita'!$AX$8,FALSE) -> 21870 | I27: =H27/$H$50-1 -> -0.30806299 | J27: =$I$14*$D27 -> 4.8117367 | K27: {=(E27^$I$17)*((1/H27)^$I$18)/SUMPRODUCT((E$22:E$48^$I$17)*((1/H$22:H$48)^$I$18))} -> 0.038104552 | L27: =$I$16*K27 -> 0.28753589 | M27: =J27+L27 -> 5.0992726 | N27: =M27/$I$10 -> 0.033788043 | O27: =M27/E27*1000 -> 467.79936 | P27: =O27/$O$50-1 -> 0.35679126 | Q27: =B27 -> Czechia | R27: =$I$10*D27/E27*1000 -> 464.65396 | S27: =O27/R27-1 -> 0.0067693354 | T27: =C27+C27*$H$8 -> 77.922862 | U27: =T27/$T$49 -> 0.033560858
B28: Denmark | C28: {=VLOOKUP($B28&2023,CHOOSE({1,2},'EEA 25 E'!$C$1:$C$1021&'EEA 25 E'!$D$1:$D$1021,'EEA 25 E'!$E$1:$E$1021),2,0)/1000000} -> 26.066377 | D28: =C28/$C$49 -> 0.010456344 | E28: =VLOOKUP($B28,Population!$A$10:$Y$62,Population!$X$7,FALSE)/1000000 -> 5.961249 | F28: =E28/$E$49 -> 0.013267676 | G28: =C28/E28 -> 4.3726368 | H28: =VLOOKUP($B28,'GDP capita'!$A$11:$AY$49,'GDP capita'!$AX$8,FALSE) -> 60510 | I28: =H28/$H$50-1 -> 0.91445399 | J28: =$I$14*$D28 -> 1.4991624 | K28: {=(E28^$I$17)*((1/H28)^$I$18)/SUMPRODUCT((E$22:E$48^$I$17)*((1/H$22:H$48)^$I$18))} -> 0.0022129686 | L28: =$I$16*K28 -> 0.016699 | M28: =J28+L28 -> 1.5158614 | N28: =M28/$I$10 -> 0.010044176 | O28: =M28/E28*1000 -> 254.28588 | P28: =O28/$O$50-1 -> -0.26247686 | Q28: =B28 -> Denmark | R28: =$I$10*D28/E28*1000 -> 264.72065 | S28: =O28/R28-1 -> -0.039418058 | T28: =C28+C28*$H$8 -> 24.277934 | U28: =T28/$T$49 -> 0.010456344
B29: Estonia | C29: {=VLOOKUP($B29&2023,CHOOSE({1,2},'EEA 25 E'!$C$1:$C$1021&'EEA 25 E'!$D$1:$D$1021,'EEA 25 E'!$E$1:$E$1021),2,0)/1000000} -> 8.744257 | D29: =C29/$C$49 -> 0.0035076974 | E29: =VLOOKUP($B29,Population!$A$10:$Y$62,Population!$X$7,FALSE)/1000000 -> 1.374687 | F29: =E29/$E$49 -> 0.0030595773 | G29: =C29/E29 -> 6.3609076 | H29: =VLOOKUP($B29,'GDP capita'!$A$11:$AY$49,'GDP capita'!$AX$8,FALSE) -> 21020 | I29: =H29/$H$50-1 -> -0.33495583 | J29: =$I$14*$D29 -> 0.50291076 | K29: {=(E29^$I$17)*((1/H29)^$I$18)/SUMPRODUCT((E$22:E$48^$I$17)*((1/H$22:H$48)^$I$18))} -> 0.014941515 | L29: =$I$16*K29 -> 0.11274826 | M29: =J29+L29 -> 0.61565902 | N29: =M29/$I$10 -> 0.0040793883 | O29: =M29/E29*1000 -> 447.85396 | P29: =O29/$O$50-1 -> 0.29894223 | Q29: =B29 -> Estonia | R29: =$I$10*D29/E29*1000 -> 385.09111 | S29: =O29/R29-1 -> 0.16298182 | T29: =C29+C29*$H$8 -> 8.1443038 | U29: =T29/$T$49 -> 0.0035076974
B30: Finland | C30: {=VLOOKUP($B30&2023,CHOOSE({1,2},'EEA 25 E'!$C$1:$C$1021&'EEA 25 E'!$D$1:$D$1021,'EEA 25 E'!$E$1:$E$1021),2,0)/1000000} -> 31.846522 | D30: =C30/$C$49 -> 0.012775009 | E30: =VLOOKUP($B30,Population!$A$10:$Y$62,Population!$X$7,FALSE)/1000000 -> 5.603851 | F30: =E30/$E$49 -> 0.012472232 | G30: =C30/E30 -> 5.6829709 | H30: =VLOOKUP($B30,'GDP capita'!$A$11:$AY$49,'GDP capita'!$AX$8,FALSE) -> 43070 | I30: =H30/$H$50-1 -> 0.36267614 | J30: =$I$14*$D30 -> 1.8315974 | K30: {=(E30^$I$17)*((1/H30)^$I$18)/SUMPRODUCT((E$22:E$48^$I$17)*((1/H$22:H$48)^$I$18))} -> 0.005019733 | L30: =$I$16*K30 -> 0.037878766 | M30: =J30+L30 -> 1.8694762 | N30: =M30/$I$10 -> 0.012387245 | O30: =M30/E30*1000 -> 333.60562 | P30: =O30/$O$50-1 -> -0.032420243 | Q30: =B30 -> Finland | R30: =$I$10*D30/E30*1000 -> 344.04864 | S30: =O30/R30-1 -> -0.030353309 | T30: =C30+C30*$H$8 -> 29.661497 | U30: =T30/$T$49 -> 0.012775009
B31: France | C31: {=VLOOKUP($B31&2023,CHOOSE({1,2},'EEA 25 E'!$C$1:$C$1021&'EEA 25 E'!$D$1:$D$1021,'EEA 25 E'!$E$1:$E$1021),2,0)/1000000} -> 279.7072 | D31: =C31/$C$49 -> 0.11220258 | E31: =VLOOKUP($B31,Population!$A$10:$Y$62,Population!$X$7,FALSE)/1000000 -> 68.467362 | F31: =E31/$E$49 -> 0.15238464 | G31: =C31/E31 -> 4.0852632 | H31: =VLOOKUP($B31,'GDP capita'!$A$11:$AY$49,'GDP capita'!$AX$8,FALSE) -> 37870 | I31: =H31/$H$50-1 -> 0.19815522 | J31: =$I$14*$D31 -> 16.086874 | K31: {=(E31^$I$17)*((1/H31)^$I$18)/SUMPRODUCT((E$22:E$48^$I$17)*((1/H$22:H$48)^$I$18))} -> 0.024203493 | L31: =$I$16*K31 -> 0.18263889 | M31: =J31+L31 -> 16.269513 | N31: =M31/$I$10 -> 0.10780263 | O31: =M31/E31*1000 -> 237.62435 | P31: =O31/$O$50-1 -> -0.31080144 | Q31: =B31 -> France | R31: =$I$10*D31/E31*1000 -> 247.32297 | S31: =O31/R31-1 -> -0.039214378 | T31: =C31+C31*$H$8 -> 260.51617 | U31: =T31/$T$49 -> 0.11220258
B32: Germany | C32: {=VLOOKUP($B32&2023,CHOOSE({1,2},'EEA 25 E'!$C$1:$C$1021&'EEA 25 E'!$D$1:$D$1021,'EEA 25 E'!$E$1:$E$1021),2,0)/1000000} -> 593.76602 | D32: =C32/$C$49 -> 0.23818508 | E32: =VLOOKUP($B32,Population!$A$10:$Y$62,Population!$X$7,FALSE)/1000000 -> 83.456045 | F32: =E32/$E$49 -> 0.18574426 | G32: =C32/E32 -> 7.1147155 | H32: =VLOOKUP($B32,'GDP capita'!$A$11:$AY$49,'GDP capita'!$AX$8,FALSE) -> 42580 | I32: =H32/$H$50-1 -> 0.34717321 | J32: =$I$14*$D32 -> 34.149422 | K32: {=(E32^$I$17)*((1/H32)^$I$18)/SUMPRODUCT((E$22:E$48^$I$17)*((1/H$22:H$48)^$I$18))} -> 0.019933762 | L32: =$I$16*K32 -> 0.15041961 | M32: =J32+L32 -> 34.299841 | N32: =M32/$I$10 -> 0.22727251 | O32: =M32/E32*1000 -> 410.99289 | P32: =O32/$O$50-1 -> 0.19203148 | Q32: =B32 -> Germany | R32: =$I$10*D32/E32*1000 -> 430.72685 | S32: =O32/R32-1 -> -0.045815489 | T32: =C32+C32*$H$8 -> 553.02707 | U32: =T32/$T$49 -> 0.23818508
B33: Greece | C33: {=VLOOKUP($B33&2023,CHOOSE({1,2},'EEA 25 E'!$C$1:$C$1021&'EEA 25 E'!$D$1:$D$1021,'EEA 25 E'!$E$1:$E$1021),2,0)/1000000} -> 51.988223 | D33: =C33/$C$49 -> 0.020854711 | E33: =VLOOKUP($B33,Population!$A$10:$Y$62,Population!$X$7,FALSE)/1000000 -> 10.40072 | F33: =E33/$E$49 -> 0.023148402 | G33: =C33/E33 -> 4.9985215 | H33: =VLOOKUP($B33,'GDP capita'!$A$11:$AY$49,'GDP capita'!$AX$8,FALSE) -> 19130 | I33: =H33/$H$50-1 -> -0.39475285 | J33: =$I$14*$D33 -> 2.9900124 | K33: {=(E33^$I$17)*((1/H33)^$I$18)/SUMPRODUCT((E$22:E$48^$I$17)*((1/H$22:H$48)^$I$18))} -> 0.052013825 | L33: =$I$16*K33 -> 0.39249488 | M33: =J33+L33 -> 3.3825073 | N33: =M33/$I$10 -> 0.022412667 | O33: =M33/E33*1000 -> 325.21857 | P33: =O33/$O$50-1 -> -0.056745799 | Q33: =B33 -> Greece | R33: =$I$10*D33/E33*1000 -> 302.61188 | S33: =O33/R33-1 -> 0.074705213 | T33: =C33+C33*$H$8 -> 48.421253 | U33: =T33/$T$49 -> 0.020854711
... B38: Lithuania | C38: {=VLOOKUP($B38&2023,CHOOSE({1,2},'EEA 25 E'!$C$1:$C$1021&'EEA 25 E'!$D$1:$D$1021,'EEA 25 E'!$E$1:$E$1021),2,0)/1000000} -> 12.545972 | D38: =C38/$C$49 -> 0.0050327288 | E38: =VLOOKUP($B38,Population!$A$10:$Y$62,Population!$X$7,FALSE)/1000000 -> 2.885891 | F38: =E38/$E$49 -> 0.0064229942 | G38: =C38/E38 -> 4.3473478 | H38: =VLOOKUP($B38,'GDP capita'!$A$11:$AY$49,'GDP capita'!$AX$8,FALSE) -> 19580 | I38: =H38/$H$50-1 -> -0.38051547 | J38: =$I$14*$D38 -> 0.7215598 | K38: {=(E38^$I$17)*((1/H38)^$I$18)/SUMPRODUCT((E$22:E$48^$I$17)*((1/H$22:H$48)^$I$18))} -> 0.025851322 | L38: =$I$16*K38 -> 0.19507336 | M38: =J38+L38 -> 0.91663316 | N38: =M38/$I$10 -> 0.0060736584 | O38: =M38/E38*1000 -> 317.6257 | P38: =O38/$O$50-1 -> -0.078767919 | Q38: =B38 -> Lithuania | R38: =$I$10*D38/E38*1000 -> 263.18965 | S38: =O38/R38-1 -> 0.20683206 | T38: =C38+C38*$H$8 -> 11.685179 | U38: =T38/$T$49 -> 0.0050327288
B39: Luxembourg | C39: {=VLOOKUP($B39&2023,CHOOSE({1,2},'EEA 25 E'!$C$1:$C$1021&'EEA 25 E'!$D$1:$D$1021,'EEA 25 E'!$E$1:$E$1021),2,0)/1000000} -> 6.840733 | D39: =C39/$C$49 -> 0.0027441121 | E39: =VLOOKUP($B39,Population!$A$10:$Y$62,Population!$X$7,FALSE)/1000000 -> 0.67205 | F39: =E39/$E$49 -> 0.0014957506 | G39: =C39/E39 -> 10.178905 | H39: =VLOOKUP($B39,'GDP capita'!$A$11:$AY$49,'GDP capita'!$AX$8,FALSE) -> 100880 | I39: - | J39: =$I$14*$D39 -> 0.39343288 | K39: {=(E39^$I$17)*((1/H39)^$I$18)/SUMPRODUCT((E$22:E$48^$I$17)*((1/H$22:H$48)^$I$18))} -> 0.00020704399 | L39: =$I$16*K39 -> 0.0015623482 | M39: =J39+L39 -> 0.39499523 | N39: =M39/$I$10 -> 0.0026172587 | O39: =M39/E39*1000 -> 587.74679 | P39: - | Q39: =B39 -> Luxembourg | R39: =$I$10*D39/E39*1000 -> 616.23373 | S39: =O39/R39-1 -> -0.046227487 | T39: =C39+C39*$H$8 -> 6.3713827 | U39: =T39/$T$49 -> 0.0027441121
B40: Malta | C40: {=VLOOKUP($B40&2023,CHOOSE({1,2},'EEA 25 E'!$C$1:$C$1021&'EEA 25 E'!$D$1:$D$1021,'EEA 25 E'!$E$1:$E$1021),2,0)/1000000} -> 1.768002 | D40: =C40/$C$49 -> 0.00070922161 | E40: =VLOOKUP($B40,Population!$A$10:$Y$62,Population!$X$7,FALSE)/1000000 -> 0.563443 | F40: =E40/$E$49 -> 0.001254029 | G40: =C40/E40 -> 3.1378542 | H40: =VLOOKUP($B40,'GDP capita'!$A$11:$AY$49,'GDP capita'!$AX$8,FALSE) -> 33640 | I40: =H40/$H$50-1 -> 0.064323785 | J40: =$I$14*$D40 -> 0.10168357 | K40: {=(E40^$I$17)*((1/H40)^$I$18)/SUMPRODUCT((E$22:E$48^$I$17)*((1/H$22:H$48)^$I$18))} -> 0.0029522935 | L40: =$I$16*K40 -> 0.022277925 | M40: =J40+L40 -> 0.12396149 | N40: =M40/$I$10 -> 0.00082137521 | O40: =M40/E40*1000 -> 220.00715 | P40: =O40/$O$50-1 -> -0.36189784 | Q40: =B40 -> Malta | R40: =$I$10*D40/E40*1000 -> 189.96657 | S40: =O40/R40-1 -> 0.15813618 | T40: =C40+C40*$H$8 -> 1.6466974 | U40: =T40/$T$49 -> 0.00070922161
B41: Netherlands | C41: {=VLOOKUP($B41&2023,CHOOSE({1,2},'EEA 25 E'!$C$1:$C$1021&'EEA 25 E'!$D$1:$D$1021,'EEA 25 E'!$E$1:$E$1021),2,0)/1000000} -> 117.44912 | D41: =C41/$C$49 -> 0.047113891 | E41: =VLOOKUP($B41,Population!$A$10:$Y$62,Population!$X$7,FALSE)/1000000 -> 17.942942 | F41: =E41/$E$49 -> 0.039934776 | G41: =C41/E41 -> 6.5457001 | H41: =VLOOKUP($B41,'GDP capita'!$A$11:$AY$49,'GDP capita'!$AX$8,FALSE) -> 51170 | I41: =H41/$H$50-1 -> 0.61894911 | J41: =$I$14*$D41 -> 6.7548821 | K41: {=(E41^$I$17)*((1/H41)^$I$18)/SUMPRODUCT((E$22:E$48^$I$17)*((1/H$22:H$48)^$I$18))} -> 0.0058382514 | L41: =$I$16*K41 -> 0.044055283 | M41: =J41+L41 -> 6.7989374 | N41: =M41/$I$10 -> 0.045050109 | O41: =M41/E41*1000 -> 378.91988 | P41: =O41/$O$50-1 -> 0.099007875 | Q41: =B41 -> Netherlands | R41: =$I$10*D41/E41*1000 -> 396.2785 | S41: =O41/R41-1 -> -0.043804108 | T41: =C41+C41*$H$8 -> 109.3908 | U41: =T41/$T$49 -> 0.047113891
B42: Poland | C42: {=VLOOKUP($B42&2023,CHOOSE({1,2},'EEA 25 E'!$C$1:$C$1021&'EEA 25 E'!$D$1:$D$1021,'EEA 25 E'!$E$1:$E$1021),2,0)/1000000} -> 283.61942 | D42: =C42/$C$49 -> 0.11377194 | E42: =VLOOKUP($B42,Population!$A$10:$Y$62,Population!$X$7,FALSE)/1000000 -> 36.62097 | F42: =E42/$E$49 -> 0.0815056 | G42: =C42/E42 -> 7.7447272 | H42: =VLOOKUP($B42,'GDP capita'!$A$11:$AY$49,'GDP capita'!$AX$8,FALSE) -> 16470 | I42: =H42/$H$50-1 -> -0.47891163 | J42: =$I$14*$D42 -> 16.311879 | K42: {=(E42^$I$17)*((1/H42)^$I$18)/SUMPRODUCT((E$22:E$48^$I$17)*((1/H$22:H$48)^$I$18))} -> 0.14190753 | L42: =$I$16*K42 -> 1.0708303 | M42: =J42+L42 -> 17.382709 | N42: =M42/$I$10 -> 0.11517872 | O42: =M42/E42*1000 -> 474.66545 | P42: =O42/$O$50-1 -> 0.37670545 | Q42: =B42 -> Poland | R42: =$I$10*D42/E42*1000 -> 468.86794 | S42: =O42/R42-1 -> 0.012364904 | T42: =C42+C42*$H$8 -> 264.15998 | U42: =T42/$T$49 -> 0.11377194
B43: Portugal | C43: {=VLOOKUP($B43&2023,CHOOSE({1,2},'EEA 25 E'!$C$1:$C$1021&'EEA 25 E'!$D$1:$D$1021,'EEA 25 E'!$E$1:$E$1021),2,0)/1000000} -> 37.747641 | D43: =C43/$C$49 -> 0.015142202 | E43: =VLOOKUP($B43,Population!$A$10:$Y$62,Population!$X$7,FALSE)/1000000 -> 10.639726 | F43: =E43/$E$49 -> 0.023680346 | G43: =C43/E43 -> 3.547802 | H43: =VLOOKUP($B43,'GDP capita'!$A$11:$AY$49,'GDP capita'!$AX$8,FALSE) -> 22230 | I43: =H43/$H$50-1 -> -0.29667308 | J43: =$I$14*$D43 -> 2.17099 | K43: {=(E43^$I$17)*((1/H43)^$I$18)/SUMPRODUCT((E$22:E$48^$I$17)*((1/H$22:H$48)^$I$18))} -> 0.036140244 | L43: =$I$16*K43 -> 0.27271328 | M43: =J43+L43 -> 2.4437033 | N43: =M43/$I$10 -> 0.016192104 | O43: =M43/E43*1000 -> 229.67728 | P43: =O43/$O$50-1 -> -0.33385089 | Q43: =B43 -> Portugal | R43: =$I$10*D43/E43*1000 -> 214.78492 | S43: =O43/R43-1 -> 0.069336159 | T43: =C43+C43*$H$8 -> 35.157733 | U43: =T43/$T$49 -> 0.015142202
B44: Romania | C44: {=VLOOKUP($B44&2023,CHOOSE({1,2},'EEA 25 E'!$C$1:$C$1021&'EEA 25 E'!$D$1:$D$1021,'EEA 25 E'!$E$1:$E$1021),2,0)/1000000} -> 67.866018 | D44: =C44/$C$49 -> 0.027223978 | E44: =VLOOKUP($B44,Population!$A$10:$Y$62,Population!$X$7,FALSE)/1000000 -> 19.067576 | F44: =E44/$E$49 -> 0.042437822 | G44: =C44/E44 -> 3.5592368 | H44: =VLOOKUP($B44,'GDP capita'!$A$11:$AY$49,'GDP capita'!$AX$8,FALSE) -> 13130 | I44: =H44/$H$50-1 -> -0.58458468 | J44: =$I$14*$D44 -> 3.9031962 | K44: {=(E44^$I$17)*((1/H44)^$I$18)/SUMPRODUCT((E$22:E$48^$I$17)*((1/H$22:H$48)^$I$18))} -> 0.18045148 | L44: =$I$16*K44 -> 1.3616818 | M44: =J44+L44 -> 5.264878 | N44: =M44/$I$10 -> 0.034885352 | O44: =M44/E44*1000 -> 276.1168 | P44: =O44/$O$50-1 -> -0.1991591 | Q44: =B44 -> Romania | R44: =$I$10*D44/E44*1000 -> 215.47718 | S44: =O44/R44-1 -> 0.28142012 | T44: =C44+C44*$H$8 -> 63.209655 | U44: =T44/$T$49 -> 0.027223978
B45: Slovakia | C45: {=VLOOKUP($B45&2023,CHOOSE({1,2},'EEA 25 E'!$C$1:$C$1021&'EEA 25 E'!$D$1:$D$1021,'EEA 25 E'!$E$1:$E$1021),2,0)/1000000} -> 30.807324 | D45: =C45/$C$49 -> 0.012358142 | E45: =VLOOKUP($B45,Population!$A$10:$Y$62,Population!$X$7,FALSE)/1000000 -> 5.424687 | F45: =E45/$E$49 -> 0.012073475 | G45: =C45/E45 -> 5.6790971 | H45: =VLOOKUP($B45,'GDP capita'!$A$11:$AY$49,'GDP capita'!$AX$8,FALSE) -> 19130 | I45: =H45/$H$50-1 -> -0.39475285 | J45: =$I$14*$D45 -> 1.7718298 | K45: {=(E45^$I$17)*((1/H45)^$I$18)/SUMPRODUCT((E$22:E$48^$I$17)*((1/H$22:H$48)^$I$18))} -> 0.037564225 | L45: =$I$16*K45 -> 0.2834586 | M45: =J45+L45 -> 2.0552884 | N45: =M45/$I$10 -> 0.013618446 | O45: =M45/E45*1000 -> 378.87686 | P45: =O45/$O$50-1 -> 0.098883092 | Q45: =B45 -> Slovakia | R45: =$I$10*D45/E45*1000 -> 343.81411 | S45: =O45/R45-1 -> 0.10198168 | T45: =C45+C45*$H$8 -> 28.693599 | U45: =T45/$T$49 -> 0.012358142
B46: Slovenia | C46: {=VLOOKUP($B46&2023,CHOOSE({1,2},'EEA 25 E'!$C$1:$C$1021&'EEA 25 E'!$D$1:$D$1021,'EEA 25 E'!$E$1:$E$1021),2,0)/1000000} -> 12.012164 | D46: =C46/$C$49 -> 0.0048185954 | E46: =VLOOKUP($B46,Population!$A$10:$Y$62,Population!$X$7,FALSE)/1000000 -> 2.123949 | F46: =E46/$E$49 -> 0.0047271751 | G46: =C46/E46 -> 5.6555802 | H46: =VLOOKUP($B46,'GDP capita'!$A$11:$AY$49,'GDP capita'!$AX$8,FALSE) -> 25380 | I46: =H46/$H$50-1 -> -0.19701137 | J46: =$I$14*$D46 -> 0.69085876 | K46: {=(E46^$I$17)*((1/H46)^$I$18)/SUMPRODUCT((E$22:E$48^$I$17)*((1/H$22:H$48)^$I$18))} -> 0.011593579 | L46: =$I$16*K46 -> 0.087484822 | M46: =J46+L46 -> 0.77834358 | N46: =M46/$I$10 -> 0.0051573446 | O46: =M46/E46*1000 -> 366.46058 | P46: =O46/$O$50-1 -> 0.062871295 | Q46: =B46 -> Slovenia | R46: =$I$10*D46/E46*1000 -> 342.3904 | S46: =O46/R46-1 -> 0.070300394 | T46: =C46+C46*$H$8 -> 11.187996 | U46: =T46/$T$49 -> 0.0048185954
B47: Spain | C47: {=VLOOKUP($B47&2023,CHOOSE({1,2},'EEA 25 E'!$C$1:$C$1021&'EEA 25 E'!$D$1:$D$1021,'EEA 25 E'!$E$1:$E$1021),2,0)/1000000} -> 215.46075 | D47: =C47/$C$49 -> 0.086430571 | E47: =VLOOKUP($B47,Population!$A$10:$Y$62,Population!$X$7,FALSE)/1000000 -> 48.619695 | F47: =E47/$E$49 -> 0.10821061 | G47: =C47/E47 -> 4.4315529 | H47: =VLOOKUP($B47,'GDP capita'!$A$11:$AY$49,'GDP capita'!$AX$8,FALSE) -> 27740 | I47: =H47/$H$50-1 -> -0.12234418 | J47: =$I$14*$D47 -> 12.391851 | K47: {=(E47^$I$17)*((1/H47)^$I$18)/SUMPRODUCT((E$22:E$48^$I$17)*((1/H$22:H$48)^$I$18))} -> 0.044413447 | L47: =$I$16*K47 -> 0.33514264 | M47: =J47+L47 -> 12.726994 | N47: =M47/$I$10 -> 0.084329715 | O47: =M47/E47*1000 -> 261.76622 | P47: =O47/$O$50-1 -> -0.24078109 | Q47: =B47 -> Spain | R47: =$I$10*D47/E47*1000 -> 268.28745 | S47: =O47/R47-1 -> -0.024306864 | T47: =C47+C47*$H$8 -> 200.67775 | U47: =T47/$T$49 -> 0.086430571
B48: Sweden | C48: {=VLOOKUP($B48&2023,CHOOSE({1,2},'EEA 25 E'!$C$1:$C$1021&'EEA 25 E'!$D$1:$D$1021,'EEA 25 E'!$E$1:$E$1021),2,0)/1000000} -> 35.543461 | D48: =C48/$C$49 -> 0.01425801 | E48: =VLOOKUP($B48,Population!$A$10:$Y$62,Population!$X$7,FALSE)/1000000 -> 10.551707 | F48: =E48/$E$49 -> 0.023484446 | G48: =C48/E48 -> 3.3685034 | H48: =VLOOKUP($B48,'GDP capita'!$A$11:$AY$49,'GDP capita'!$AX$8,FALSE) -> 48810 | I48: =H48/$H$50-1 -> 0.54428192 | J48: =$I$14*$D48 -> 2.0442205 | K48: {=(E48^$I$17)*((1/H48)^$I$18)/SUMPRODUCT((E$22:E$48^$I$17)*((1/H$22:H$48)^$I$18))} -> 0.005038066 | L48: =$I$16*K48 -> 0.038017106 | M48: =J48+L48 -> 2.0822376 | N48: =M48/$I$10 -> 0.013797013 | O48: =M48/E48*1000 -> 197.33656 | P48: =O48/$O$50-1 -> -0.42765095 | Q48: =B48 -> Sweden | R48: =$I$10*D48/E48*1000 -> 203.93013 | S48: =O48/R48-1 -> -0.032332507 | T48: =C48+C48*$H$8 -> 33.104785 | U48: =T48/$T$49 -> 0.01425801
B49: Total | C49: =SUM(C22:C48) -> 2492.8767 | D49: =SUM(D22:D48) -> 1 | E49: =SUM(E22:E48) -> 449.30618 | F49: =SUM(F22:F48) -> 1 | G49: =C49/E49 -> 5.5482803 | J49: =SUM(J22:J48) -> 143.37347 | K49: =SUM(K22:K48) -> 1 | L49: =SUM(L22:L48) -> 7.5459722 | M49: =SUM(M22:M48) -> 150.91944 | N49: =SUM(N22:N48) -> 1 | T49: =SUM(T22:T48) -> 2321.8376 | U49: =SUM(U22:U48) -> 1
B50: Average excluding Luxembourg | G50: =AVERAGE(G22:G38,G40:G48) -> 5.3302819 | H50: =AVERAGE(H22:H38,H40:H48) -> 31606.923 | O50: =AVERAGE(O22:O38,O40:O48) -> 344.78359 | R50: =AVERAGE(R22:R38,R40:R48) -> 322.69674
B51: Average including Luxembourg | G51: =AVERAGE(G22:G48) -> 5.5098605 | H51: =AVERAGE(H22:H48) -> 34172.593 | O51: =AVERAGE(O22:O48) -> 353.78223 | R51: =AVERAGE(R22:R48) -> 333.56848
B52: EU | G52: =C49/E49 -> 5.5482803 | H52: ='GDP capita'!AX11 -> 33530 | O52: =I11 -> 335.89443 | R52: =O52 -> 335.89443

Sheet S_α_ß

Sheet background

Sheet legend
B2: E | C2: Emissions EU
B3: E_i | C3: Emissions of EU Member State i
B4: I_i | C4: GDP per capita of the EU Member State i (per capita income)
B5: P | C5: Population EU
B6: P_i | C6: Population of the EU Member State i
B7: R | C7: Total revenue from CO2 pricing
B8: R_E | C8: Share of revenue allocated to EU Member States on the basis of the share of emissions
B9: R_i | C9: Revenue from carbon pricing allocated to the EU Member State i as the basis for the EU Member State's climate dividend
B10: R_P | C10: Share of revenue allocated to EU Member States via the population and GDP per capita keys
B11: S | C11: Proportion of total revenue that is distributed according to emissions
B12: s_i | C12: Share of the EU Member State i in the emissions of the EU in 2023. Since this web app assumes, for the sake of simplicity, an equal reduction in all EU Member States, the share remains the same even if the CO2 price rises.
B13: w_i | C13: Weighting of the EU Member State i on the basis of population and GDP per capita

Sheet EEA 25 P
A1: Sector Name | B1: Gas | C1: Country | D1: Jahr von Date | E1: t | F1: Population
A2: Total (with LULUCF); Total net emissions (UNFCCC) + ISA | B2: CO₂ | C2: Austria | D2: 1990 | E2: 49144072 | F2: 7677850
A3: Total (with LULUCF); Total net emissions (UNFCCC) + ISA | B3: CO₂ | C3: Austria | D3: 1991 | E3: 47529782 | F3: 7754891
A4: Total (with LULUCF); Total net emissions (UNFCCC) + ISA | B4: CO₂ | C4: Austria | D4: 1992 | E4: 47694084 | F4: 7840709
A5: Total (with LULUCF); Total net emissions (UNFCCC) + ISA | B5: CO₂ | C5: Austria | D5: 1993 | E5: 46023698 | F5: 7905633
A6: Total (with LULUCF); Total net emissions (UNFCCC) + ISA | B6: CO₂ | C6: Austria | D6: 1994 | E6: 49012184 | F6: 7936118
A7: Total (with LULUCF); Total net emissions (UNFCCC) + ISA | B7: CO₂ | C7: Austria | D7: 1995 | E7: 46831079 | F7: 7948278
A8: Total (with LULUCF); Total net emissions (UNFCCC) + ISA | B8: CO₂ | C8: Austria | D8: 1996 | E8: 53779307 | F8: 7959017
A9: Total (with LULUCF); Total net emissions (UNFCCC) + ISA | B9: CO₂ | C9: Austria | D9: 1997 | E9: 46365107 | F9: 7968041
A10: Total (with LULUCF); Total net emissions (UNFCCC) + ISA | B10: CO₂ | C10: Austria | D10: 1998 | E10: 47743298 | F10: 7976789
A11: Total (with LULUCF); Total net emissions (UNFCCC) + ISA | B11: CO₂ | C11: Austria | D11: 1999 | E11: 45103611 | F11: 7992324
A12: Total (with LULUCF); Total net emissions (UNFCCC) + ISA | B12: CO₂ | C12: Austria | D12: 2000 | E12: 49687385 | F12: 8011566
A13: Total (with LULUCF); Total net emissions (UNFCCC) + ISA | B13: CO₂ | C13: Austria | D13: 2001 | E13: 47270253 | F13: 8042293
... A34: Total (with LULUCF); Total net emissions (UNFCCC) + ISA | B34: CO₂ | C34: Austria | D34: 2022 | E34: 63038084 | F34: 9041851
A35: Total (with LULUCF); Total net emissions (UNFCCC) + ISA | B35: CO₂ | C35: Austria | D35: 2023 | E35: 66895954
A36: Total (with LULUCF); Total net emissions (UNFCCC) + ISA | B36: CO₂ | C36: Belgium | D36: 1990 | E36: 133931539 | F36: 9967379
A37: Total (with LULUCF); Total net emissions (UNFCCC) + ISA | B37: CO₂ | C37: Belgium | D37: 1991 | E37: 136975837 | F37: 10004486
A38: Total (with LULUCF); Total net emissions (UNFCCC) + ISA | B38: CO₂ | C38: Belgium | D38: 1992 | E38: 136137777 | F38: 10045158
A39: Total (with LULUCF); Total net emissions (UNFCCC) + ISA | B39: CO₂ | C39: Belgium | D39: 1993 | E39: 135597188 | F39: 10084475
A40: Total (with LULUCF); Total net emissions (UNFCCC) + ISA | B40: CO₂ | C40: Belgium | D40: 1994 | E40: 139648191 | F40: 10115603
A41: Total (with LULUCF); Total net emissions (UNFCCC) + ISA | B41: CO₂ | C41: Belgium | D41: 1995 | E41: 139662615 | F41: 10136811
A42: Total (with LULUCF); Total net emissions (UNFCCC) + ISA | B42: CO₂ | C42: Belgium | D42: 1996 | E42: 146360382 | F42: 10156637
A43: Total (with LULUCF); Total net emissions (UNFCCC) + ISA | B43: CO₂ | C43: Belgium | D43: 1997 | E43: 143416901 | F43: 10181245
A44: Total (with LULUCF); Total net emissions (UNFCCC) + ISA | B44: CO₂ | C44: Belgium | D44: 1998 | E44: 150409978 | F44: 10203008
A45: Total (with LULUCF); Total net emissions (UNFCCC) + ISA | B45: CO₂ | C45: Belgium | D45: 1999 | E45: 142132158 | F45: 10226419
A46: Total (with LULUCF); Total net emissions (UNFCCC) + ISA | B46: CO₂ | C46: Belgium | D46: 2000 | E46: 145914355 | F46: 10251250
A47: Total (with LULUCF); Total net emissions (UNFCCC) + ISA | B47: CO₂ | C47: Belgium | D47: 2001 | E47: 145045947 | F47: 10286570
... A68: Total (with LULUCF); Total net emissions (UNFCCC) + ISA | B68: CO₂ | C68: Belgium | D68: 2022 | E68: 118171448 | F68: 11680210
A69: Total (with LULUCF); Total net emissions (UNFCCC) + ISA | B69: CO₂ | C69: Belgium | D69: 2023 | E69: 111847130
A70: Total (with LULUCF); Total net emissions (UNFCCC) + ISA | B70: CO₂ | C70: Bulgaria | D70: 1990 | E70: 60217375 | F70: 8718289
A71: Total (with LULUCF); Total net emissions (UNFCCC) + ISA | B71: CO₂ | C71: Bulgaria | D71: 1991 | E71: 45767006 | F71: 8632367
A72: Total (with LULUCF); Total net emissions (UNFCCC) + ISA | B72: CO₂ | C72: Bulgaria | D72: 1992 | E72: 42360388 | F72: 8540164
A73: Total (with LULUCF); Total net emissions (UNFCCC) + ISA | B73: CO₂ | C73: Bulgaria | D73: 1993 | E73: 43429539 | F73: 8472313
A74: Total (with LULUCF); Total net emissions (UNFCCC) + ISA | B74: CO₂ | C74: Bulgaria | D74: 1994 | E74: 41187543 | F74: 8443591
A75: Total (with LULUCF); Total net emissions (UNFCCC) + ISA | B75: CO₂ | C75: Bulgaria | D75: 1995 | E75: 42784323 | F75: 8406067
A76: Total (with LULUCF); Total net emissions (UNFCCC) + ISA | B76: CO₂ | C76: Bulgaria | D76: 1996 | E76: 43627864 | F76: 8362826
A77: Total (with LULUCF); Total net emissions (UNFCCC) + ISA | B77: CO₂ | C77: Bulgaria | D77: 1997 | E77: 39990345 | F77: 8312068
A78: Total (with LULUCF); Total net emissions (UNFCCC) + ISA | B78: CO₂ | C78: Bulgaria | D78: 1998 | E78: 37674850 | F78: 8256786
A79: Total (with LULUCF); Total net emissions (UNFCCC) + ISA | B79: CO₂ | C79: Bulgaria | D79: 1999 | E79: 30748789 | F79: 8210624
A80: Total (with LULUCF); Total net emissions (UNFCCC) + ISA | B80: CO₂ | C80: Bulgaria | D80: 2000 | E80: 28913612 | F80: 8170172
A81: Total (with LULUCF); Total net emissions (UNFCCC) + ISA | B81: CO₂ | C81: Bulgaria | D81: 2001 | E81: 35496690 | F81: 8009142
... A102: Total (with LULUCF); Total net emissions (UNFCCC) + ISA | B102: CO₂ | C102: Bulgaria | D102: 2022 | E102: 38450761 | F102: 6643324
A103: Total (with LULUCF); Total net emissions (UNFCCC) + ISA | B103: CO₂ | C103: Bulgaria | D103: 2023 | E103: 26626318
A104: Total (with LULUCF); Total net emissions (UNFCCC) + ISA | B104: CO₂ | C104: Croatia | D104: 1990 | E104: 17133342 | F104: 4777368
A105: Total (with LULUCF); Total net emissions (UNFCCC) + ISA | B105: CO₂ | C105: Croatia | D105: 1991 | E105: 9515283 | F105: 4689022
A106: Total (with LULUCF); Total net emissions (UNFCCC) + ISA | B106: CO₂ | C106: Croatia | D106: 1992 | E106: 8752151 | F106: 4575818
A107: Total (with LULUCF); Total net emissions (UNFCCC) + ISA | B107: CO₂ | C107: Croatia | D107: 1993 | E107: 9094362 | F107: 4600463
A108: Total (with LULUCF); Total net emissions (UNFCCC) + ISA | B108: CO₂ | C108: Croatia | D108: 1994 | E108: 8331638 | F108: 4652024
A109: Total (with LULUCF); Total net emissions (UNFCCC) + ISA | B109: CO₂ | C109: Croatia | D109: 1995 | E109: 8554637 | F109: 4620030
A110: Total (with LULUCF); Total net emissions (UNFCCC) + ISA | B110: CO₂ | C110: Croatia | D110: 1996 | E110: 9410598 | F110: 4557097
A111: Total (with LULUCF); Total net emissions (UNFCCC) + ISA | B111: CO₂ | C111: Croatia | D111: 1997 | E111: 11222314 | F111: 4534920
A112: Total (with LULUCF); Total net emissions (UNFCCC) + ISA | B112: CO₂ | C112: Croatia | D112: 1998 | E112: 11864893 | F112: 4532136
A113: Total (with LULUCF); Total net emissions (UNFCCC) + ISA | B113: CO₂ | C113: Croatia | D113: 1999 | E113: 12156009 | F113: 4512598
A114: Total (with LULUCF); Total net emissions (UNFCCC) + ISA | B114: CO₂ | C114: Croatia | D114: 2000 | E114: 12964914 | F114: 4468302
A115: Total (with LULUCF); Total net emissions (UNFCCC) + ISA | B115: CO₂ | C115: Croatia | D115: 2001 | E115: 13005156 | F115: 4300450
... A136: Total (with LULUCF); Total net emissions (UNFCCC) + ISA | B136: CO₂ | C136: Croatia | D136: 2022 | E136: 13135442 | F136: 3856600
A137: Total (with LULUCF); Total net emissions (UNFCCC) + ISA | B137: CO₂ | C137: Croatia | D137: 2023 | E137: 13467059
A138: Total (with LULUCF); Total net emissions (UNFCCC) + ISA | B138: CO₂ | C138: Cyprus | D138: 1990 | E138: 5395514 | F138: 579898
A139: Total (with LULUCF); Total net emissions (UNFCCC) + ISA | B139: CO₂ | C139: Cyprus | D139: 1991 | E139: 5998455 | F139: 595105
A140: Total (with LULUCF); Total net emissions (UNFCCC) + ISA | B140: CO₂ | C140: Cyprus | D140: 1992 | E140: 6351884 | F140: 611150
A141: Total (with LULUCF); Total net emissions (UNFCCC) + ISA | B141: CO₂ | C141: Cyprus | D141: 1993 | E141: 6440663 | F141: 626088
A142: Total (with LULUCF); Total net emissions (UNFCCC) + ISA | B142: CO₂ | C142: Cyprus | D142: 1994 | E142: 6730498 | F142: 639172
A143: Total (with LULUCF); Total net emissions (UNFCCC) + ISA | B143: CO₂ | C143: Cyprus | D143: 1995 | E143: 6698785 | F143: 650866
A144: Total (with LULUCF); Total net emissions (UNFCCC) + ISA | B144: CO₂ | C144: Cyprus | D144: 1996 | E144: 7076747 | F144: 661323
A145: Total (with LULUCF); Total net emissions (UNFCCC) + ISA | B145: CO₂ | C145: Cyprus | D145: 1997 | E145: 7178240 | F145: 670764
A146: Total (with LULUCF); Total net emissions (UNFCCC) + ISA | B146: CO₂ | C146: Cyprus | D146: 1998 | E146: 7505750 | F146: 679039
A147: Total (with LULUCF); Total net emissions (UNFCCC) + ISA | B147: CO₂ | C147: Cyprus | D147: 1999 | E147: 7962986 | F147: 686680
A148: Total (with LULUCF); Total net emissions (UNFCCC) + ISA | B148: CO₂ | C148: Cyprus | D148: 2000 | E148: 8391226 | F148: 694023
A149: Total (with LULUCF); Total net emissions (UNFCCC) + ISA | B149: CO₂ | C149: Cyprus | D149: 2001 | E149: 8382345 | F149: 701544
... A170: Total (with LULUCF); Total net emissions (UNFCCC) + ISA | B170: CO₂ | C170: Cyprus | D170: 2022 | E170: 8469486 | F170: 912703
A171: Total (with LULUCF); Total net emissions (UNFCCC) + ISA | B171: CO₂ | C171: Cyprus | D171: 2023 | E171: 8569308
A172: Total (with LULUCF); Total net emissions (UNFCCC) + ISA | B172: CO₂ | C172: Czechia | D172: 1990 | E172: 155327551 | F172: 10333355
A173: Total (with LULUCF); Total net emissions (UNFCCC) + ISA | B173: CO₂ | C173: Czechia | D173: 1991 | E173: 138369361 | F173: 10308578
A174: Total (with LULUCF); Total net emissions (UNFCCC) + ISA | B174: CO₂ | C174: Czechia | D174: 1992 | E174: 135163500 | F174: 10319123
A175: Total (with LULUCF); Total net emissions (UNFCCC) + ISA | B175: CO₂ | C175: Czechia | D175: 1993 | E175: 128593588 | F175: 10329855
A176: Total (with LULUCF); Total net emissions (UNFCCC) + ISA | B176: CO₂ | C176: Czechia | D176: 1994 | E176: 122462495 | F176: 10333587
A177: Total (with LULUCF); Total net emissions (UNFCCC) + ISA | B177: CO₂ | C177: Czechia | D177: 1995 | E177: 121189097 | F177: 10327253
A178: Total (with LULUCF); Total net emissions (UNFCCC) + ISA | B178: CO₂ | C178: Czechia | D178: 1996 | E178: 124649229 | F178: 10315241
A179: Total (with LULUCF); Total net emissions (UNFCCC) + ISA | B179: CO₂ | C179: Czechia | D179: 1997 | E179: 121574803 | F179: 10304131
A180: Total (with LULUCF); Total net emissions (UNFCCC) + ISA | B180: CO₂ | C180: Czechia | D180: 1998 | E180: 116577004 | F180: 10294373
A181: Total (with LULUCF); Total net emissions (UNFCCC) + ISA | B181: CO₂ | C181: Czechia | D181: 1999 | E181: 107456451 | F181: 10283860
A182: Total (with LULUCF); Total net emissions (UNFCCC) + ISA | B182: CO₂ | C182: Czechia | D182: 2000 | E182: 117399066 | F182: 10255063
A183: Total (with LULUCF); Total net emissions (UNFCCC) + ISA | B183: CO₂ | C183: Czechia | D183: 2001 | E183: 117338499 | F183: 10216605
... A204: Total (with LULUCF); Total net emissions (UNFCCC) + ISA | B204: CO₂ | C204: Czechia | D204: 2022 | E204: 97259181 | F204: 10672118
A205: Total (with LULUCF); Total net emissions (UNFCCC) + ISA | B205: CO₂ | C205: Czechia | D205: 2023 | E205: 80693821
A206: Total (with LULUCF); Total net emissions (UNFCCC) + ISA | B206: CO₂ | C206: Denmark | D206: 1990 | E206: 64383032 | F206: 5140939
A207: Total (with LULUCF); Total net emissions (UNFCCC) + ISA | B207: CO₂ | C207: Denmark | D207: 1991 | E207: 73803708 | F207: 5154298
A208: Total (with LULUCF); Total net emissions (UNFCCC) + ISA | B208: CO₂ | C208: Denmark | D208: 1992 | E208: 69114238 | F208: 5171370
A209: Total (with LULUCF); Total net emissions (UNFCCC) + ISA | B209: CO₂ | C209: Denmark | D209: 1993 | E209: 71440956 | F209: 5188628
A210: Total (with LULUCF); Total net emissions (UNFCCC) + ISA | B210: CO₂ | C210: Denmark | D210: 1994 | E210: 75738828 | F210: 5206180
A211: Total (with LULUCF); Total net emissions (UNFCCC) + ISA | B211: CO₂ | C211: Denmark | D211: 1995 | E211: 73195022 | F211: 5233373
A212: Total (with LULUCF); Total net emissions (UNFCCC) + ISA | B212: CO₂ | C212: Denmark | D212: 1996 | E212: 85566573 | F212: 5263074
A213: Total (with LULUCF); Total net emissions (UNFCCC) + ISA | B213: CO₂ | C213: Denmark | D213: 1997 | E213: 76238336 | F213: 5284991
A214: Total (with LULUCF); Total net emissions (UNFCCC) + ISA | B214: CO₂ | C214: Denmark | D214: 1998 | E214: 72127132 | F214: 5304219
A215: Total (with LULUCF); Total net emissions (UNFCCC) + ISA | B215: CO₂ | C215: Denmark | D215: 1999 | E215: 69700352 | F215: 5321799
A216: Total (with LULUCF); Total net emissions (UNFCCC) + ISA | B216: CO₂ | C216: Denmark | D216: 2000 | E216: 65167273 | F216: 5339616
A217: Total (with LULUCF); Total net emissions (UNFCCC) + ISA | B217: CO₂ | C217: Denmark | D217: 2001 | E217: 65576780 | F217: 5358783
... A238: Total (with LULUCF); Total net emissions (UNFCCC) + ISA | B238: CO₂ | C238: Denmark | D238: 2022 | E238: 31169624 | F238: 5903037
A239: Total (with LULUCF); Total net emissions (UNFCCC) + ISA | B239: CO₂ | C239: Denmark | D239: 2023 | E239: 28943820
A240: Total (with LULUCF); Total net emissions (UNFCCC) + ISA | B240: CO₂ | C240: Estonia | D240: 1990 | E240: 32300943 | F240: 1569174
...

Sheet EEA 25 E
A1: Sector Name | B1: Gas | C1: Country | D1: Jahr von Date | E1: t
A2: Total emissions (UNFCCC) | B2: CO₂ | C2: Austria | D2: 1990 | E2: 62191448
A3: Total emissions (UNFCCC) | B3: CO₂ | C3: Austria | D3: 1991 | E3: 65790087
A4: Total emissions (UNFCCC) | B4: CO₂ | C4: Austria | D4: 1992 | E4: 60291069
A5: Total emissions (UNFCCC) | B5: CO₂ | C5: Austria | D5: 1993 | E5: 60710529
A6: Total emissions (UNFCCC) | B6: CO₂ | C6: Austria | D6: 1994 | E6: 61080121
A7: Total emissions (UNFCCC) | B7: CO₂ | C7: Austria | D7: 1995 | E7: 64063033
A8: Total emissions (UNFCCC) | B8: CO₂ | C8: Austria | D8: 1996 | E8: 67410312
A9: Total emissions (UNFCCC) | B9: CO₂ | C9: Austria | D9: 1997 | E9: 67304886
A10: Total emissions (UNFCCC) | B10: CO₂ | C10: Austria | D10: 1998 | E10: 66936902
A11: Total emissions (UNFCCC) | B11: CO₂ | C11: Austria | D11: 1999 | E11: 65667700
A12: Total emissions (UNFCCC) | B12: CO₂ | C12: Austria | D12: 2000 | E12: 66204024
A13: Total emissions (UNFCCC) | B13: CO₂ | C13: Austria | D13: 2001 | E13: 70190727
... A1055: Total emissions (UNFCCC) | B1055: CO₂ | C1055: Switzerland | D1055: 2023 | E1055: 32071001

Sheet intern2
B2: ='climate dividend'!$I$5 -> 900 | C2: 0.95 | E2: ='climate dividend'!$G$49 -> 5.5482803
B5: CO2 price | C5: reduction | E5: per capita | G5: dividend
B6: =$B$2*(ROW()-6)/85 -> 0 | C6: =B6*$C$2/$B$2 -> 0 | E6: =$E$2-($E$2*C6) -> 5.5482803 | G6: =B6*E6 -> 0
B7: =$B$2*(ROW()-6)/85 -> 10.588235 | C7: =B7*$C$2/$B$2 -> 0.011176471 | E7: =$E$2-($E$2*C7) -> 5.4862701 | G7: =B7*E7 -> 58.089919
B8: =$B$2*(ROW()-6)/85 -> 21.176471 | C8: =B8*$C$2/$B$2 -> 0.022352941 | E8: =$E$2-($E$2*C8) -> 5.4242599 | G8: =B8*E8 -> 114.86668
B9: =$B$2*(ROW()-6)/85 -> 31.764706 | C9: =B9*$C$2/$B$2 -> 0.033529412 | E9: =$E$2-($E$2*C9) -> 5.3622497 | G9: =B9*E9 -> 170.33029
B10: =$B$2*(ROW()-6)/85 -> 42.352941 | C10: =B10*$C$2/$B$2 -> 0.044705882 | E10: =$E$2-($E$2*C10) -> 5.3002395 | G10: =B10*E10 -> 224.48073
B11: =$B$2*(ROW()-6)/85 -> 52.941176 | C11: =B11*$C$2/$B$2 -> 0.055882353 | E11: =$E$2-($E$2*C11) -> 5.2382293 | G11: =B11*E11 -> 277.31802
B12: =$B$2*(ROW()-6)/85 -> 63.529412 | C12: =B12*$C$2/$B$2 -> 0.067058824 | E12: =$E$2-($E$2*C12) -> 5.1762192 | G12: =B12*E12 -> 328.84216
B13: =$B$2*(ROW()-6)/85 -> 74.117647 | C13: =B13*$C$2/$B$2 -> 0.078235294 | E13: =$E$2-($E$2*C13) -> 5.114209 | G13: =B13*E13 -> 379.05314
B14: =$B$2*(ROW()-6)/85 -> 84.705882 | C14: =B14*$C$2/$B$2 -> 0.089411765 | E14: =$E$2-($E$2*C14) -> 5.0521988 | G14: =B14*E14 -> 427.95095
B15: =$B$2*(ROW()-6)/85 -> 95.294118 | C15: =B15*$C$2/$B$2 -> 0.10058824 | E15: =$E$2-($E$2*C15) -> 4.9901886 | G15: =B15*E15 -> 475.53562
B16: =$B$2*(ROW()-6)/85 -> 105.88235 | C16: =B16*$C$2/$B$2 -> 0.11176471 | E16: =$E$2-($E$2*C16) -> 4.9281784 | G16: =B16*E16 -> 521.80712
B17: =$B$2*(ROW()-6)/85 -> 116.47059 | C17: =B17*$C$2/$B$2 -> 0.12294118 | E17: =$E$2-($E$2*C17) -> 4.8661682 | G17: =B17*E17 -> 566.76547
... B91: =$B$2*(ROW()-6)/85 -> 900 | C91: =B91*$C$2/$B$2 -> 0.95 | E91: =$E$2-($E$2*C91) -> 0.27741402 | G91: =B91*E91 -> 249.67261

Sheet imprint
B2: Andreas Wolfsteiner
B3: Günter Wittmann
B5: save-the-climate@online.ms
B7: www.save-the-climate.info
B9: On request, we will gladly send a version without sheet protection.

Sheet intern

Sheet GDP capita
A1: Data extracted on 17/05/2025 16:59:20 from [ESTAT]
A2: Dataset: | B2: Real GDP per capita [sdg_08_10]
A3: Last updated: | B3: 15/05/2025 23:00
A5: Time frequency | C5: Annual
A6: Unit of measure | C6: Chain linked volumes (2020), euro per capita
A7: National accounts indicator (ESA 2010) | C7: Gross domestic product at market prices
A8: 1 | B8: =A8+1 -> 2 | C8: =B8+1 -> 3 | D8: =C8+1 -> 4 | E8: =D8+1 -> 5 | F8: =E8+1 -> 6 | G8: =F8+1 -> 7 | H8: =G8+1 -> 8 | I8: =H8+1 -> 9 | ... AY8: =AX8+1 -> 51
A9: TIME | B9: 2000 | D9: 2001 | F9: 2002 | H9: 2003 | J9: 2004 | L9: 2005 | N9: 2006 | P9: 2007 | R9: 2008 | T9: 2009 | V9: 2010 | X9: 2011 | Z9: 2012 | AB9: 2013 | AD9: 2014 | AF9: 2015 | AH9: 2016 | AJ9: 2017 | AL9: 2018 | AN9: 2019 | AP9: 2020 | AR9: 2021 | AT9: 2022 | AV9: 2023 | AX9: 2024
A10: GEO (Labels)
A11: European Union - 27 countries (from 2020) | B11: 25660 | D11: 26170 | F11: 26390 | H11: 26530 | J11: 27100 | L11: 27530 | N11: 28410 | P11: 29190 | R11: 29280 | T11: 27960 | V11: 28520 | X11: 29030 | Z11: 28760 | AB11: 28730 | AD11: 29160 | AF11: 29780 | AH11: 30290 | AJ11: 31090 | AL11: 31670 | AN11: 32210 | AP11: 30440 | AQ11: b | AR11: 32380 | AT11: 33300 | AV11: 33280 | AX11: 33530
A12: Euro area – 20 countries (from 2023) | B12: 30030 | D12: 30600 | F12: 30730 | H12: 30780 | J12: 31330 | L12: 31710 | N12: 32620 | P12: 33420 | R12: 33390 | T12: 31810 | V12: 32390 | X12: 32870 | Z12: 32490 | AB12: 32380 | AD12: 32790 | AF12: 33390 | AH12: 33890 | AJ12: 34700 | AL12: 35220 | AN12: 35700 | AP12: 33500 | AR12: 35600 | AT12: 36680 | AV12: 36590 | AX12: 36760
A13: Euro area - 19 countries (2015-2022) | B13: 30330 | D13: 30880 | F13: 31010 | H13: 31060 | J13: 31600 | L13: 31980 | N13: 32890 | P13: 33700 | R13: 33670 | T13: 32070 | V13: 32660 | X13: 33140 | Z13: 32760 | AB13: 32650 | AD13: 33060 | AF13: 33660 | AH13: 34160 | AJ13: 34960 | AL13: 35490 | AN13: 35950 | AP13: 33740 | AR13: 35840 | AT13: 36920 | AV13: 36830 | AX13: 36990
A14: Belgium | B14: 35370 | D14: 35640 | F14: 36080 | H14: 36300 | J14: 37440 | L14: 38100 | N14: 38810 | P14: 39950 | R14: 39810 | T14: 38740 | U14: b | V14: 39420 | X14: 39670 | Z14: 39510 | AB14: 39440 | AD14: 39960 | AF14: 40310 | AH14: 40590 | AJ14: 41030 | AL14: 41610 | AN14: 42400 | AP14: 40190 | AR14: 42510 | AT14: 43960 | AV14: 44120 | AW14: p | AX14: 44300 | AY14: p
A15: Bulgaria | B15: 4160 | D15: 4460 | F15: 4750 | H15: 5020 | J15: 5380 | L15: 5790 | N15: 6220 | P15: 6660 | R15: 7110 | T15: 6900 | V15: 7060 | X15: 7390 | Z15: 7530 | AB15: 7600 | AD15: 7760 | AF15: 8130 | AH15: 8480 | AJ15: 8830 | AL15: 9180 | AN15: 9670 | AP15: 9450 | AR15: 10250 | AT15: 10740 | AV15: 10970 | AX15: 11300 | AY15: p
A16: Czechia | B16: 13410 | D16: 13860 | F16: 14110 | H16: 14570 | J16: 15250 | L16: 16180 | N16: 17200 | P16: 18050 | R16: 18330 | T16: 17350 | V16: 17770 | X16: 18120 | Z16: 17970 | AB16: 17970 | AD16: 18370 | AF16: 19270 | AH16: 19760 | AJ16: 20760 | AL16: 21320 | AN16: 22050 | AP16: 20980 | AR16: 21830 | AT16: 21910 | AV16: 21660 | AX16: 21870
A17: Denmark | B17: 47150 | D17: 47430 | F17: 47490 | H17: 47570 | J17: 48770 | L17: 49780 | N17: 51510 | P17: 51790 | R17: 51270 | T17: 48460 | V17: 49010 | X17: 49440 | Z17: 49260 | AB17: 49750 | AD17: 50110 | AF17: 50810 | AH17: 51950 | AJ17: 53200 | AL17: 53920 | AN17: 54630 | AP17: 53540 | AR17: 57250 | AT17: 57620 | AV17: 58640 | AX17: 60510
A18: Germany | B18: 34680 | D18: 35220 | F18: 35110 | H18: 34940 | J18: 35380 | L18: 35750 | N18: 37200 | P18: 38360 | R18: 38820 | T18: 36800 | V18: 38420 | X18: 39870 | Z18: 39980 | AB18: 40020 | AD18: 40720 | AF18: 41040 | AH18: 41640 | AJ18: 42610 | AL18: 42960 | AN18: 43290 | AP18: 41480 | AR18: 42990 | AS18: p | AT18: 43260 | AU18: p | AV18: 42780 | AW18: p | AX18: 42580 | AY18: p
A19: Estonia | B19: 10480 | D19: 11160 | F19: 12020 | H19: 13010 | J19: 13980 | L19: 15400 | N19: 17010 | P19: 18400 | R19: 17510 | T19: 14980 | V19: 15380 | X19: 16590 | Z19: 17260 | AB19: 17630 | AD19: 18280 | AF19: 18650 | AH19: 19190 | AJ19: 20270 | AL19: 20970 | AN19: 21650 | AP19: 20960 | AR19: 22440 | AT19: 22430 | AV19: 21210 | AX19: 21020
A20: Ireland | B20: 39980 | C20: d | D20: 41450 | E20: d | F20: 43140 | G20: d | H20: 43720 | I20: d | J20: 45880 | K20: d | L20: 47430 | M20: d | N20: 48510 | P20: 49580 | R20: 46340 | T20: 43560 | V20: 44100 | X20: 44640 | Z20: 44280 | AB20: 45030 | AD20: 48890 | AF20: 60360 | AH20: 60370 | AJ20: 65490 | AL20: 69430 | AN20: 71800 | AP20: 75920 | AR20: 87260 | AT20: 92820 | AV20: 86090 | AX20: 85700
A21: Greece | B21: 16120 | D21: 16780 | F21: 17510 | H21: 18480 | J21: 19420 | L21: 19590 | N21: 20790 | P21: 21470 | R21: 21420 | T21: 20490 | V21: 19300 | X21: 17420 | Z21: 16050 | AB21: 15800 | AD21: 16030 | AF21: 16100 | AH21: 16160 | AJ21: 16430 | AL21: 16810 | AN21: 17210 | AP21: 15660 | AR21: 17110 | AT21: 18200 | AU21: p | AV21: 18670 | AW21: p | AX21: 19130 | AY21: p
A22: Spain | B22: 22930 | D22: 23700 | F22: 23970 | H22: 24220 | J22: 24590 | L22: 25000 | N22: 25600 | P22: 25990 | R22: 25760 | T22: 24590 | V22: 24510 | X22: 24260 | Z22: 23560 | AB22: 23310 | AD22: 23730 | AF22: 24720 | AH22: 25420 | AJ22: 26110 | AL22: 26620 | AN22: 26930 | AP22: 23850 | AR22: 25440 | AT22: 26770 | AU22: p | AV22: 27150 | AW22: p | AX22: 27740 | AY22: p
A23: France | B23: 32030 | D23: 32400 | F23: 32510 | H23: 32600 | J23: 33300 | L23: 33680 | N23: 34360 | P23: 35010 | R23: 34960 | T23: 33800 | V23: 34310 | X23: 34990 | Z23: 34880 | AB23: 34990 | AD23: 35150 | AF23: 35370 | AH23: 35540 | AJ23: 36140 | AL23: 36570 | AN23: 37160 | AP23: 34280 | AR23: 36510 | AT23: 37330 | AU23: p | AV23: 37570 | AW23: p | AX23: 37870 | AY23: p
A24: Croatia | B24: 8500 | D24: 9100 | E24: b | F24: 9620 | H24: 10150 | J24: 10570 | L24: 11020 | N24: 11580 | P24: 12160 | R24: 12410 | T24: 11570 | V24: 11440 | X24: 11470 | Z24: 11250 | AB24: 11270 | AD24: 11260 | AF24: 11600 | AH24: 12100 | AJ24: 12630 | AL24: 13120 | AN24: 13870 | AO24: b | AP24: 12840 | AR24: 14560 | AT24: 15640 | AV24: 16060 | AW24: p | AX24: 16710 | AY24: p
A25: Italy | B25: 31090 | D25: 31690 | F25: 31720 | H25: 31570 | J25: 31790 | L25: 31850 | N25: 32290 | P25: 32570 | R25: 31990 | T25: 30110 | V25: 30440 | X25: 30550 | Z25: 29510 | AB25: 28920 | AD25: 28910 | AF25: 29210 | AH25: 29630 | AJ25: 30160 | AL25: 30470 | AN25: 30680 | AP25: 28100 | AR25: 30760 | AT25: 32310 | AV25: 32560 | AX25: 32810 | AY25: e
A26: Cyprus | B26: 20500 | D26: 21080 | F26: 21610 | H26: 21910 | J26: 22710 | L26: 23470 | N26: 24170 | P26: 24870 | R26: 25140 | T26: 23980 | V26: 23890 | X26: 23390 | Z26: 22280 | AB26: 20830 | AD26: 20490 | AF26: 21140 | AH26: 22410 | AJ26: 23500 | AL26: 24690 | AN26: 25790 | AP26: 24630 | AR26: 27030 | AT26: 28440 | AV26: 28670 | AW26: p | AX26: 29190 | AY26: p
A27: Latvia | B27: 6540 | D27: 7050 | F27: 7680 | H27: 8410 | J27: 9240 | L27: 10430 | N27: 11870 | P27: 13220 | R27: 12900 | T27: 11020 | V27: 10840 | X27: 11380 | Z27: 12360 | AB27: 12750 | AD27: 13140 | AF27: 13750 | AH27: 14230 | AJ27: 14850 | AL27: 15610 | AN27: 15820 | AP27: 15370 | AR27: 16580 | AT27: 16870 | AV27: 17390 | AX27: 17510
A28: Lithuania | B28: 6550 | D28: 7030 | F28: 7560 | H28: 8430 | J28: 9080 | L28: 9940 | N28: 10850 | P28: 12190 | R28: 12640 | T28: 10880 | V28: 11160 | X28: 12140 | Z28: 12830 | AB28: 13480 | AD28: 14100 | AF28: 14630 | AH28: 15200 | AJ28: 16090 | AL28: 17030 | AN28: 17870 | AP28: 17890 | AR28: 19040 | AT28: 19360 | AV28: 19160 | AX28: 19580
A29: Luxembourg | B29: 89780 | D29: 91520 | F29: 93460 | H29: 94720 | J29: 97380 | L29: 98260 | N29: 102580 | P29: 109090 | R29: 106870 | T29: 101540 | V29: 103430 | X29: 102110 | Z29: 101440 | AB29: 102010 | AD29: 102240 | AF29: 102530 | AH29: 104920 | AJ29: 104020 | AL29: 103640 | AN29: 104310 | AP29: 102190 | AR29: 107570 | AT29: 104100 | AV29: 101450 | AX29: 100880 | AY29: p
A30: Hungary | B30: 8800 | D30: 9180 | F30: 9640 | H30: 10050 | J30: 10570 | L30: 11050 | N30: 11500 | P30: 11550 | R30: 11690 | T30: 10920 | V30: 11060 | X30: 11300 | Z30: 11220 | AA30: b | AB30: 11490 | AD30: 12040 | AF30: 12530 | AH30: 12880 | AJ30: 13460 | AL30: 14240 | AN30: 14980 | AP30: 14370 | AR30: 15470 | AT30: 16170 | AV30: 16060 | AX30: 16190 | AY30: p
A31: Malta | B31: 17340 | D31: 16900 | F31: 17240 | H31: 17760 | J31: 17710 | L31: 18110 | N31: 18460 | P31: 19320 | R31: 20040 | T31: 19620 | V31: 20730 | X31: 20850 | Z31: 21530 | AB31: 22590 | AD31: 23830 | AF31: 25500 | AH31: 25950 | AJ31: 28510 | AL31: 29490 | AN31: 29460 | AP31: 27880 | AR31: 31410 | AT31: 31900 | AV31: 32740 | AX31: 33640
A32: Netherlands | B32: 40430 | D32: 41060 | F32: 40890 | H32: 40740 | J32: 41420 | L32: 42160 | N32: 43590 | P32: 45180 | R32: 45960 | T32: 44050 | V32: 44400 | X32: 44980 | Z32: 44370 | AB32: 44230 | AD32: 44780 | AF32: 45530 | AH32: 46380 | AJ32: 47390 | AL32: 48180 | AN32: 48970 | AP32: 46810 | AR32: 49490 | AT32: 51480 | AU32: p | AV32: 51010 | AW32: p | AX32: 51170 | AY32: p
A33: Austria | B33: 37880 | D33: 38230 | F33: 38610 | H33: 38880 | J33: 39620 | L33: 40270 | N33: 41370 | P33: 42790 | R33: 43280 | T33: 41620 | V33: 42280 | X33: 43370 | Z33: 43450 | AB33: 43080 | AD33: 43070 | AF33: 43200 | AH33: 43550 | AJ33: 44260 | AL33: 45140 | AN33: 45730 | AP33: 42650 | AR33: 44520 | AT33: 46350 | AV33: 45510 | AX33: 44740
A34: Poland | B34: 6950 | D34: 7040 | F34: 7180 | H34: 7440 | J34: 7820 | L34: 8080 | N34: 8590 | P34: 9170 | R34: 9570 | T34: 9810 | V34: 10150 | W34: b | X34: 10680 | Z34: 10840 | AB34: 10930 | AD34: 11360 | AF34: 11870 | AH34: 12240 | AJ34: 12870 | AL34: 13680 | AN34: 14310 | AP34: 14310 | AQ34: b | AR34: 15380 | AT34: 15840 | AU34: b | AV34: 15950 | AX34: 16470 | AY34: p
A35: Portugal | B35: 18580 | D35: 18810 | F35: 18850 | H35: 18600 | J35: 18890 | L35: 19000 | N35: 19280 | P35: 19720 | R35: 19760 | T35: 19120 | V35: 19440 | X35: 19110 | Z35: 18410 | AB35: 18330 | AD35: 18560 | AF35: 18920 | AH35: 19350 | AJ35: 20020 | AL35: 20620 | AN35: 21150 | AP35: 19360 | AR35: 20390 | AT35: 21690 | AV35: 22020 | AW35: e | AX35: 22230 | AY35: e
A36: Romania | B36: 4800 | D36: 5060 | F36: 5530 | H36: 5690 | J36: 6320 | K36: b | L36: 6650 | N36: 7230 | P36: 7870 | R36: 8740 | T36: 8330 | V36: 8050 | X36: 8460 | Z36: 8660 | AB36: 8710 | AD36: 9100 | AF36: 9430 | AH36: 9760 | AJ36: 10620 | AL36: 11330 | AN36: 11830 | AP36: 11460 | AR36: 12190 | AT36: 12730 | AV36: 13030 | AW36: p | AX36: 13130 | AY36: p
A37: Slovenia | B37: 15730 | D37: 16160 | F37: 16660 | H37: 17180 | J37: 17950 | L37: 18610 | N37: 19640 | P37: 20930 | R37: 21600 | S37: b | T37: 19770 | V37: 19920 | X37: 20010 | Z37: 19390 | AB37: 19210 | AD37: 19720 | AF37: 20170 | AH37: 20770 | AJ37: 21830 | AL37: 22720 | AN37: 23330 | AP37: 22230 | AR37: 24040 | AT37: 24660 | AV37: 25050 | AX37: 25380
A38: Slovakia | B38: 8730 | D38: 9020 | E38: b | F38: 9420 | H38: 9880 | J38: 10410 | L38: 11070 | N38: 12050 | P38: 13340 | R38: 14030 | T38: 13230 | V38: 14100 | X38: 14540 | Y38: b | Z38: 14750 | AB38: 14830 | AD38: 15220 | AF38: 16000 | AH38: 16280 | AJ38: 16730 | AL38: 17380 | AN38: 17760 | AP38: 17270 | AR38: 18320 | AS38: b | AT38: 18350 | AV38: 18750 | AX38: 19130
A39: Finland | B39: 36230 | D39: 37100 | F39: 37630 | H39: 38300 | J39: 39720 | L39: 40680 | N39: 42150 | P39: 44210 | R39: 44350 | T39: 40570 | V39: 41660 | X39: 42460 | Z39: 41620 | AB39: 41020 | AD39: 40650 | AF39: 40700 | AH39: 41640 | AJ39: 42910 | AL39: 43360 | AN39: 43910 | AP39: 42740 | AR39: 43800 | AT39: 44010 | AV39: 43430 | AX39: 43070
A40: Sweden | B40: 37170 | D40: 37570 | F40: 38300 | H40: 38880 | J40: 40350 | L40: 41320 | N40: 42990 | P40: 44070 | R40: 43320 | T40: 41130 | V40: 43120 | X40: 44140 | Z40: 43650 | AB40: 43770 | AD40: 44320 | AF40: 45790 | AH40: 46320 | AJ40: 46490 | AL40: 46830 | AN40: 47520 | AP40: 46250 | AR40: 48710 | AT40: 48890 | AV40: 48510 | AX40: 48810
A41: Iceland | B41: 41420 | D41: 42510 | F41: 42380 | H41: 42990 | J41: 45930 | L41: 47990 | N41: 49830 | P41: 52690 | R41: 52870 | T41: 48650 | V41: 47840 | X41: 49060 | Z41: 49270 | AB41: 50980 | AD41: 51260 | AF41: 53020 | AH41: 55540 | AJ41: 56500 | AL41: 57810 | AN41: 57880 | AP41: 53190 | AR41: 55040 | AT41: 58600 | AV41: 60380 | AX41: 59580 | AY41: e
A42: Norway | B42: 54080 | D42: 54920 | F42: 55380 | H42: 55570 | J42: 57460 | L42: 58610 | N42: 59560 | P42: 60670 | R42: 60210 | T42: 58300 | V42: 58030 | X42: 57920 | Z42: 58710 | AB42: 58590 | AD42: 59130 | AF42: 59610 | AH42: 59780 | AJ42: 60780 | AL42: 60880 | AN42: 61150 | AP42: 60020 | AR42: 62030 | AT42: 63470 | AV42: 62790 | AX42: 63510
A43: Switzerland | B43: 65020 | D43: 65720 | F43: 65210 | H43: 64720 | J43: 66020 | L43: 67440 | N43: 69750 | P43: 71840 | R43: 72990 | T43: 70520 | V43: 72250 | X43: 72900 | Z43: 72960 | AB43: 73420 | AD43: 74230 | AF43: 74530 | AH43: 75260 | AJ43: 75580 | AL43: 77180 | AN43: 77510 | AP43: 75280 | AR43: 78880 | AT43: 80600 | AV43: 79940 | AX43: 80080
A44: United Kingdom | B44: : | D44: : | F44: : | H44: : | J44: : | L44: : | N44: : | P44: : | R44: : | T44: : | V44: : | X44: : | Z44: : | AB44: : | AD44: : | AF44: : | AH44: : | AJ44: : | AL44: : | AN44: : | AP44: : | AR44: : | AT44: : | AV44: : | AX44: :
A45: Montenegro | B45: : | D45: : | F45: : | H45: : | J45: : | L45: : | N45: 5620 | P45: 5990 | R45: 6420 | T45: 6030 | V45: 6190 | X45: 6380 | Z45: 6200 | AB45: 6410 | AD45: 6520 | AF45: 6740 | AH45: 6940 | AJ45: 7260 | AL45: 7630 | AN45: 7950 | AP45: 6740 | AR45: 7640 | AT45: 8160 | AV45: 8460 | AW45: p | AX45: :
A46: North Macedonia | B46: : | D46: : | F46: : | H46: 3370 | I46: e | J46: 3540 | K46: e | L46: 3720 | M46: e | N46: 3940 | O46: e | P46: 4210 | Q46: e | R46: 4470 | S46: e | T46: 4480 | U46: e | V46: 4660 | W46: e | X46: 4800 | Y46: e | Z46: 4790 | AA46: e | AB46: 4950 | AC46: e | AD46: 5140 | AE46: e | AF46: 5360 | AG46: e | AH46: 5530 | AI46: e | AJ46: 5610 | AK46: e | AL46: 5800 | AM46: e | AN46: 6070 | AO46: e | AP46: 5840 | AQ46: e | AR46: 6170 | AS46: e | AT46: 6360 | AU46: e | AV46: 6510 | AW46: e | AX46: :
A47: Albania | B47: 2120 | D47: 2330 | F47: 2440 | H47: 2580 | J47: 2730 | L47: 2880 | N47: 3080 | P47: 3300 | R47: 3550 | T47: 3680 | V47: 3800 | X47: 3910 | Z47: 3950 | AB47: 4030 | AD47: 4130 | AF47: 4230 | AH47: 4400 | AJ47: 4550 | AL47: 4730 | AN47: 4850 | AP47: 4710 | AR47: 5190 | AT47: 5500 | AV47: : | AX47: :
A48: Serbia | B48: 3670 | D48: 3930 | F48: 4190 | H48: 4390 | J48: 4700 | L48: 4990 | N48: 5200 | P48: 5630 | R48: 5950 | T48: 5790 | V48: 5900 | X48: 5950 | Z48: 5950 | AB48: 6010 | AD48: 5930 | AF48: 6040 | AH48: 6250 | AJ48: 6430 | AL48: 6770 | AN48: 7130 | AP48: 7110 | AR48: 7740 | AT48: 8150 | AU48: p | AV48: 8520 | AW48: p | AX48: 8900 | AY48: p
A49: Türkiye | B49: 3970 | D49: 3690 | F49: 3880 | H49: 4060 | J49: 4400 | L49: 4740 | N49: 5010 | P49: 5190 | R49: 5170 | T49: 4850 | V49: 5180 | X49: 5680 | Z49: 5880 | AB49: 6290 | AD49: 6510 | AF49: 6820 | AH49: 6950 | AJ49: 7380 | AL49: 7500 | AN49: 7450 | AP49: 7520 | AR49: 8300 | AT49: 8670 | AV49: 9080 | AX49: :
A51: Special value
A52: : | B52: not available
A53: Observation flags:
A54: b | B54: break in time series
A55: d | B55: definition differs (see metadata)
A56: e | B56: estimated
A57: p | B57: provisional

Sheet Population
A1: Data extracted on 17/05/2025 17:07:34 from [ESTAT]
A2: Dataset: | B2: Population on 1 January [tps00001]
A3: Last updated: | B3: 12/05/2025 23:00
A5: Time frequency | C5: Annual
A6: Demographic indicator | C6: Population on 1 January - total
A7: 1 | B7: =A7+1 -> 2 | C7: =B7+1 -> 3 | D7: =C7+1 -> 4 | E7: =D7+1 -> 5 | F7: =E7+1 -> 6 | G7: =F7+1 -> 7 | H7: =G7+1 -> 8 | I7: =H7+1 -> 9 | ... X7: =W7+1 -> 24
A8: TIME | B8: 2013 | D8: 2014 | F8: 2015 | H8: 2016 | J8: 2017 | L8: 2018 | N8: 2019 | P8: 2020 | R8: 2021 | T8: 2022 | V8: 2023 | X8: 2024
A9: GEO (Labels)
A10: European Union - 27 countries (from 2020) | B10: 441742959 | C10: b | D10: 442266046 | E10: be | F10: 442911027 | G10: be | H10: 443987823 | I10: e | J10: 444655529 | K10: be | L10: 445287011 | M10: e | N10: 446135629 | O10: b | P10: 447015600 | Q10: e | R10: 445872542 | S10: b | T10: 445972024 | U10: e | V10: 447695350 | W10: bep | X10: 449306184 | Y10: ep
A11: Euro area – 20 countries (from 2023) | B11: 340887898 | D11: 341548691 | E11: be | F11: 342243873 | G11: be | H11: 343429507 | J11: 344126499 | K11: b | L11: 344794283 | N11: 345697844 | O11: b | P11: 346625682 | R11: 346699769 | T11: 347104468 | V11: 348557873 | W11: bp | X11: 350174019 | Y11: p
A12: Euro area - 19 countries (2015-2022) | B12: 336640095 | D12: 337331059 | E12: be | F12: 338062958 | G12: be | H12: 339298392 | J12: 340047730 | K12: b | L12: 340779942 | N12: 341729168 | O12: b | P12: 342692171 | R12: 342806743 | T12: 343242163 | V12: 344706979 | W12: bp | X12: 346312052 | Y12: p
A13: Belgium | B13: 11137974 | D13: 11180840 | F13: 11237274 | H13: 11311117 | J13: 11351727 | L13: 11398589 | N13: 11455519 | P13: 11522440 | R13: 11554767 | T13: 11617623 | V13: 11742796 | X13: 11817096
A14: Bulgaria | B14: 7202556 | D14: 7117453 | F14: 7029690 | H14: 6938759 | J14: 6849518 | L14: 6757418 | N14: 6664177 | P14: 6569275 | R14: 6532117 | T14: 6482484 | V14: 6447710 | X14: 6445481
A15: Czechia | B15: 10516125 | D15: 10512419 | F15: 10538275 | H15: 10553843 | J15: 10578820 | L15: 10610055 | N15: 10649800 | P15: 10693939 | R15: 10494836 | S15: b | T15: 10516707 | V15: 10827529 | X15: 10900555
A16: Denmark | B16: 5602628 | D16: 5627235 | F16: 5659715 | H16: 5707251 | J16: 5748769 | L16: 5781190 | N16: 5806081 | P16: 5822763 | R16: 5840045 | T16: 5873420 | V16: 5932654 | X16: 5961249
A17: Germany | B17: 80523746 | D17: 80767463 | F17: 81197537 | H17: 82175684 | J17: 82521653 | L17: 82792351 | N17: 83019213 | P17: 83166711 | R17: 83155031 | T17: 83237124 | V17: 83118501 | W17: b | X17: 83456045
A18: Estonia | B18: 1320174 | D18: 1315819 | F18: 1314870 | G18: b | H18: 1315944 | J18: 1315635 | L18: 1319133 | N18: 1324820 | P18: 1328976 | R18: 1330068 | T18: 1331796 | V18: 1365884 | X18: 1374687
A19: Ireland | B19: 4609779 | D19: 4637852 | F19: 4677627 | H19: 4726286 | J19: 4799157 | L19: 4855733 | N19: 4940311 | P19: 5012600 | R19: 5066893 | T19: 5154277 | V19: 5271395 | X19: 5351681
A20: Greece | B20: 11003615 | D20: 10926807 | F20: 10858018 | H20: 10783748 | J20: 10768193 | L20: 10741165 | N20: 10724599 | P20: 10718565 | R20: 10678632 | T20: 10459782 | V20: 10413982 | X20: 10400720
A21: Spain | B21: 46712650 | D21: 46495744 | F21: 46425722 | H21: 46418884 | J21: 46497393 | L21: 46645070 | N21: 46918951 | P21: 47318050 | R21: 47400798 | T21: 47486843 | V21: 48085361 | X21: 48619695
A22: France | B22: 65600350 | D22: 66165980 | E22: b | F22: 66458153 | H22: 66638391 | J22: 66809816 | L22: 67026224 | N22: 67290471 | P22: 67473651 | R22: 67728568 | T22: 68091703 | V22: 68277210 | W22: p | X22: 68467362 | Y22: p
A23: Metropolitan France | B23: 63697865 | D23: : | F23: : | H23: : | J23: : | L23: : | N23: : | P23: : | R23: : | T23: : | V23: : | X23: :
A24: Croatia | B24: 4247803 | D24: 4217632 | F24: 4180915 | H24: 4131115 | J24: 4078769 | L24: 4014341 | N24: 3968676 | P24: 3933511 | R24: 3893026 | T24: 3862305 | V24: 3850894 | X24: 3861967
A25: Italy | B25: 60277309 | D25: 60345917 | F25: 60295497 | H25: 60163712 | J25: 60066734 | L25: 59937769 | N25: 59816673 | O25: b | P25: 59641488 | R25: 59236213 | T25: 59030133 | V25: 58997201 | X25: 58971230
A26: Cyprus | B26: 865878 | D26: 860032 | F26: 860846 | H26: 863764 | J26: 869878 | L26: 878601 | N26: 890194 | P26: 902429 | R26: 914476 | T26: 929764 | V26: 949084 | X26: 966365
A27: Latvia | B27: 2023825 | D27: 2001468 | F27: 1986096 | H27: 1968957 | J27: 1950116 | L27: 1934379 | N27: 1919968 | P27: 1907675 | R27: 1893223 | T27: 1875757 | V27: 1883008 | X27: 1871882
A28: Lithuania | B28: 2974637 | D28: 2947862 | F28: 2926644 | H28: 2895573 | J28: 2859077 | L28: 2826200 | N28: 2812200 | P28: 2809977 | R28: 2810761 | T28: 2805998 | V28: 2857279 | X28: 2885891
A29: Luxembourg | B29: 537039 | D29: 549680 | F29: 562958 | H29: 576249 | J29: 590667 | K29: b | L29: 602005 | N29: 613894 | P29: 626108 | R29: 634730 | T29: 645397 | V29: 660809 | X29: 672050
A30: Hungary | B30: 9895250 | D30: 9850217 | F30: 9815858 | H30: 9779652 | J30: 9739857 | L30: 9713655 | N30: 9700272 | P30: 9689376 | R30: 9651461 | T30: 9610403 | V30: 9599744 | X30: 9584627
A31: Malta | B31: 421464 | D31: 428156 | F31: 438805 | H31: 449635 | J31: 459375 | L31: 474837 | N31: 492968 | P31: 514855 | R31: 516125 | T31: 520174 | V31: 542051 | X31: 563443
A32: Netherlands | B32: 16779575 | D32: 16829289 | F32: 16900726 | H32: 16979120 | J32: 17081507 | L32: 17181084 | N32: 17282163 | P32: 17407585 | R32: 17475415 | T32: 17590672 | V32: 17811291 | X32: 17942942
A33: Austria | B33: 8451860 | D33: 8507786 | F33: 8584926 | H33: 8700471 | J33: 8772865 | L33: 8822267 | N33: 8858775 | P33: 8901064 | R33: 8932664 | T33: 8978929 | V33: 9104772 | X33: 9158750
A34: Poland | B34: 38062535 | D34: 38017856 | F34: 38005614 | H34: 37967209 | J34: 37972964 | L34: 37976687 | M34: e | N34: 37972812 | P34: 37958138 | Q34: e | R34: 37073357 | S34: b | T34: 36889761 | V34: 36753736 | X34: 36620970
A35: Portugal | B35: 10503889 | D35: 10444092 | F35: 10395121 | H35: 10368554 | J35: 10344478 | L35: 10335770 | N35: 10333496 | P35: 10375395 | R35: 10394297 | T35: 10421117 | V35: 10516621 | X35: 10639726
A36: Romania | B36: 20020074 | D36: 19947311 | F36: 19870647 | H36: 19760585 | J36: 19643949 | L36: 19533481 | N36: 19414458 | P36: 19328838 | Q36: e | R36: 19201662 | T36: 19042455 | U36: e | V36: 19054548 | W36: e | X36: 19067576 | Y36: e
A37: Slovenia | B37: 2058821 | D37: 2061085 | F37: 2062874 | H37: 2064188 | J37: 2065895 | L37: 2066880 | N37: 2080908 | P37: 2095861 | R37: 2108977 | T37: 2107180 | V37: 2116972 | X37: 2123949
A38: Slovakia | B38: 5410836 | D38: 5415949 | F38: 5421349 | H38: 5426252 | J38: 5435343 | L38: 5443120 | N38: 5450421 | P38: 5457873 | R38: 5459781 | T38: 5434712 | V38: 5428792 | X38: 5424687
A39: Finland | B39: 5426674 | D39: 5451270 | F39: 5471753 | H39: 5487308 | J39: 5503297 | L39: 5513130 | N39: 5517919 | P39: 5525292 | R39: 5533793 | T39: 5548241 | V39: 5563970 | X39: 5603851
A40: Sweden | B40: 9555893 | D40: 9644864 | F40: 9747355 | H40: 9851017 | J40: 9995153 | L40: 10120242 | N40: 10230185 | P40: 10327589 | R40: 10379295 | T40: 10452326 | V40: 10521556 | X40: 10551707
A41: Iceland | B41: 321857 | D41: 325671 | F41: 329100 | H41: 332529 | J41: 338349 | L41: 348450 | N41: 356991 | P41: 364134 | R41: 368792 | T41: 376248 | V41: 387758 | X41: 383567
A42: Liechtenstein | B42: 36838 | D42: 37129 | F42: 37366 | H42: 37622 | J42: 37810 | L42: 38114 | N42: 38378 | P42: 38747 | R42: 39055 | T42: 39308 | V42: 39677 | X42: 40015
A43: Norway | B43: 5051275 | D43: 5109056 | F43: 5165802 | H43: 5213985 | J43: 5258317 | L43: 5295619 | N43: 5328212 | P43: 5367580 | R43: 5391369 | T43: 5425270 | V43: 5488984 | X43: 5550217
A44: Switzerland | B44: 8039060 | D44: 8139631 | F44: 8237666 | H44: 8327126 | J44: 8419550 | L44: 8484130 | N44: 8544527 | P44: 8606033 | R44: 8670300 | T44: 8738791 | V44: 8815385 | X44: 8962258
A45: United Kingdom | B45: 63905342 | D45: 64351203 | F45: 64853393 | H45: 65379044 | J45: 65844142 | L45: 66273576 | N45: 66647112 | P45: 67025542 | R45: : | T45: : | V45: : | X45: :
A46: Bosnia and Herzegovina | B46: 3835645 | D46: 3830911 | F46: 3825334 | H46: 3515982 | J46: 3509728 | L46: 3500295 | N46: 3492018 | O46: p | P46: : | R46: : | T46: 3464384 | U46: p | V46: 3441194 | W46: p | X46: 3417089 | Y46: p
A47: Montenegro | B47: 620893 | D47: 621521 | F47: 622099 | H47: 622218 | J47: 622387 | L47: 622359 | N47: 622182 | P47: 621873 | R47: 620739 | T47: 617683 | V47: 616695 | X47: 623680
A48: Moldova | B48: 3559497 | D48: 3557634 | F48: 3555159 | H48: 2846327 | I48: e | J48: 2825628 | K48: e | L48: 2780744 | M48: e | N48: 2729634 | O48: e | P48: 2684772 | Q48: e | R48: 2643675 | S48: e | T48: 2565030 | U48: e | V48: 2512758 | W48: ep | X48: 2423287 | Y48: ep
A49: North Macedonia | B49: 2062294 | C49: e | D49: 2065769 | E49: e | F49: 2069172 | G49: e | H49: 2071278 | I49: e | J49: 2073702 | K49: e | L49: 2075301 | N49: 2077132 | P49: 2076255 | R49: 2068808 | T49: 1837114 | V49: 1829954 | X49: 1826247
A50: Georgia | B50: : | D50: 4490498 | F50: 3729500 | G50: b | H50: 3720400 | J50: 3718200 | L50: 3729633 | N50: 3723464 | P50: 3716858 | R50: 3728573 | T50: 3688647 | V50: 3736357 | X50: 3694608
A51: Albania | B51: 2897770 | D51: 2892394 | F51: 2885796 | H51: 2875592 | J51: 2876591 | L51: 2870324 | N51: 2862427 | P51: 2845955 | R51: 2829741 | T51: 2793592 | V51: 2761785 | X51: :
A52: Serbia | B52: 7181505 | D52: 7146759 | F52: 7114393 | H52: 7076372 | J52: 7040272 | L52: 7001444 | N52: 6963764 | P52: 6926705 | R52: 6871547 | T52: 6797105 | V52: 6641197 | X52: 6605168
A53: Türkiye | B53: 75627384 | D53: 76667864 | F53: 77695904 | H53: 78741053 | J53: 79814871 | L53: 80810525 | N53: 82003882 | O53: be | P53: 83154997 | R53: 83614362 | T53: 84680273 | V53: 85279553 | X53: 85372377
A54: Ukraine | B54: 45372692 | D54: 45245894 | F54: 42759661 | G54: b | H54: 42590879 | J54: 42414905 | L54: 42216766 | N54: 41983564 | P54: 41732779 | R54: : | T54: 40997698 | V54: : | X54: :
A55: Kosovo* | B55: 1815606 | C55: e | D55: 1820631 | E55: e | F55: 1804944 | G55: e | H55: 1771604 | I55: e | J55: 1783531 | K55: e | L55: 1798506 | N55: 1795666 | P55: 1782115 | R55: 1798186 | T55: 1773971 | V55: : | X55: :
A56: Andorra | B56: 76246 | D56: : | F56: : | H56: 71732 | J56: : | L56: 74794 | M56: e | N56: 76177 | P56: 77543 | Q56: e | R56: : | T56: 79535 | V56: 81588 | X56: 85101
A57: Belarus | B57: 9463840 | D57: 9468154 | F57: 9480868 | G57: e | H57: 9498364 | J57: 9504704 | L57: 9491823 | N57: 9475174 | P57: 9408350 | R57: : | T57: : | V57: : | X57: :
A58: Monaco | B58: : | D58: : | F58: 37700 | G58: e | H58: 38200 | J58: : | L58: 38300 | N58: 38300 | O58: e | P58: : | R58: : | T58: : | V58: : | X58: 38367
A59: Russia | B59: : | D59: 143666931 | F59: : | H59: : | J59: : | L59: : | N59: : | P59: : | R59: : | T59: : | V59: : | X59: :
A60: San Marino | B60: 33562 | D60: 32520 | F60: 32789 | H60: 33005 | J60: 33196 | L60: 34453 | N60: 34590 | P60: 34735 | R60: 34805 | T60: 33698 | V60: 33812 | X60: :
A61: Armenia | B61: 3026878 | D61: 3017079 | F61: 3010598 | H61: 2998577 | J61: 2986151 | L61: 2972732 | N61: 2965269 | P61: 2959694 | R61: 2963251 | T61: : | V61: 2977130 | X61: 2991201
A62: Azerbaijan | B62: 9356483 | D62: 9477119 | F62: 9593038 | H62: 9705643 | J62: 9809981 | L62: 9898085 | N62: 9981457 | P62: 10067108 | R62: 10119133 | T62: 10156366 | V62: 10127145 | X62: 10180770
A64: Special value
A65: : | B65: not available
A66: Observation flags:
A67: be | B67: break in time series, estimated
A68: bep | B68: break in time series, estimated, provisional
A69: bp | B69: break in time series, provisional
A70: b | B70: break in time series
A71: e | B71: estimated
A72: ep | B72: estimated, provisional
A73: p | B73: provisional
